 Dungeon Crawl Stone Soup version 0.25-a0-592-g443c2f7 (webtiles) character file.

Game seed: 10108094956248393744, levelgen mode: deterministic

1318267 Trolling the Conqueror (level 27, -8/532 HPs)
             Began as a Troll Fighter on Mar 14, 2020.
             Was a High Priest of Okawaru.
             Mangled by a reaper
             ... wielding a +1 scythe of venom
             ... summoned by a guardian mummy's death curse
              (16 damage)
             ... on level 2 of the Tomb of the Ancients.
             The game lasted 06:01:47 (95805 turns).

Trolling the Conqueror (Troll Fighter)             Turns: 95805, Time: 06:01:48

Health: -8/532     AC: 33    Str: 44 (45) XL:     27
Magic:  0/30       EV:  1    Int:  5      God:    Okawaru [*****.]
Gold:   19112      SH: 35    Dex: 14 (15) Spells: 26/26 levels left

rFire    + . .     SeeInvis +     - Unarmed
rCold    + + .     Gourm    +   m - +4 tower shield {rF+}
rNeg     + + +     Faith    .   (armour currently unavailable)
rPois    +         Spirit   +   (helmet currently unavailable)
rElec    .         Reflect  .   (cloak currently unavailable)
rCorr    .         Harm     .   (gloves unavailable)
MR       ++++.     NoTele   +   (boots unavailable)
Stlth    ++........             E - amulet "Keeve" {Spirit rF- MR++ Str+5}
HPRegen  1.38/turn              b - ring of Yclyniar {rC+ Dex+6 SInv}
MPRegen  0.22/turn              u - ring "Angoel" {*Contam rF+ rC+ rN++ EV+2}

@: lethally poisoned (-8 -> -9), tree-form, silence, heroism, finesse, very
slightly contaminated, hasted and slowed, invisible
A: large, unfitting armour, deterioration 1, fast metabolism 3, gourmand, low mp
1, regeneration 1, robust 1, screaming 1, subdued magic 1
}: 14/15 runes: decaying, slimy, silver, iron, obsidian, icy, bone, abyssal,
demonic, glowing, magical, fiery, dark, gossamer
a: Renounce Religion


You were on level 2 of the Tomb of the Ancients.
You worshipped Okawaru.
Okawaru was extremely pleased with you.
You were hungry.
You were a tree.
You visited 18 branches of the dungeon, and saw 87 of its levels.
You visited Pandemonium 1 time, and saw 17 of its levels.
You visited the Abyss 2 times.
You visited 1 bazaar.
You also visited: Trove and Ice Cave.

You collected 22852 gold pieces.
You spent 3740 gold pieces at shops.

Inventory:

Hand Weapons
 l - the +4 staff of Dispater
   (You took it off Dispater on level 7 of the Iron City of Dis)
Missiles
 i - 39 datura-tipped darts
 n - 37 silver javelins
 z - 6 throwing nets
 S - 16 javelins
 Z - 62 large rocks (quivered)
Armour
 m - a +4 tower shield of fire resistance (worn)
 L - the +4 cloak of the Sun {Regen+}
   (You found it on level 4 of the Spider Nest)

   It increases your rate of regeneration.
 M - the +0 cloak of the Ecumenical Temple (melded) {rN+ rCorr Int+2}
   (You found it on level 4 of the Depths)

   It affects your intelligence (+2).
   It protects you from negative energy.
   It provides partial protection from all sources of acid and corrosion.
 T - a +2 hat of magic resistance (melded)
 U - +12 gold dragon scales (melded)
 W - a scarf of resistance
Jewellery
 b - the ring of Yclyniar (left branch) {rC+ Dex+6 SInv}
   (You took it off a tengu reaver on level 5 of the Vaults)

   [ring of protection from cold]

   It affects your dexterity (+6).
   It protects you from cold.
   It lets you see invisible.
 f - the ring "Leef" {rF+ MR+ Dex+2}
   (You found it in a treasure trove)

   [ring of protection from magic]

   It affects your dexterity (+2).
   It protects you from fire.
   It affects your resistance to hostile enchantments.
 h - the ring "Siprela" {rN+ MR++ EV+4 Int+2}
   (You found it on level 3 of the Depths)

   [ring of evasion]

   It affects your evasion (+4).
   It affects your intelligence (+2).
   It protects you from negative energy.
   It affects your resistance to hostile enchantments.
 p - the ring "Ummojeic" {AC+2 Str+4 Int+3}
   (You found it in Pandemonium)

   [ring of protection]

   It affects your AC (+2).
   It affects your strength (+4).
   It affects your intelligence (+3).
 r - the ring "Vupeireni" {*Slow rElec rPois Str+5 Slay+3}
   (You found it in a treasure trove)

   [ring of slaying]

   It affects your strength (+5).
   It affects your accuracy and damage with ranged weapons and melee attacks
   (+3).
   It insulates you from electricity.
   It protects you from poison.
   It may slow you when you take damage.
 u - the ring "Angoel" (right branch) {*Contam rF+ rC+ rN++ EV+2}
   (You found it on level 4 of the Vaults)

   [ring of evasion]

   It affects your evasion (+2).
   It protects you from fire.
   It protects you from cold.
   It greatly protects you from negative energy.
   It causes magical contamination when unequipped.
 x - the ring of Uwkope Ifah {AC+6 Str+5 Dex-5}
   (You bought it in a shop on level 14 of the Dungeon)

   [ring of protection]

   It affects your AC (+6).
   It affects your strength (+5).
   It affects your dexterity (-5).
 E - the amulet "Keeve" (around neck) {Spirit rF- MR++ Str+5}
   (You found it on level 6 of the Dungeon)

   [amulet of guardian spirit]

   It causes incoming damage to be split between your health and magic.
   It affects your strength (+5).
   It makes you vulnerable to fire.
   It affects your resistance to hostile enchantments.
 J - an uncursed ring of flight
 R - the ring of the Everdark {rElec rPois MR+ Str+4 Stlth+}
   (You took it off a deep elf annihilator on level 3 of the Elven Halls)

   [ring of protection from magic]

   It affects your strength (+4).
   It insulates you from electricity.
   It protects you from poison.
   It affects your resistance to hostile enchantments.
   It makes you more stealthy.
 V - the ring of Shadows {Umbra +Inv Stlth+}
   (You took it off a balrug on level 7 of Gehenna)

   [ring of stealth]

   It lets you turn invisible.
   It makes you more stealthy.
Wands
 o - a wand of iceblast (47)
 t - a wand of scattershot (12)
 F - a wand of clouds (7)
 Y - a wand of acid (46)
Scrolls
 j - 6 scrolls of fog
 k - 40 scrolls of remove curse
 q - 13 scrolls of immolation
 y - 27 scrolls of teleportation
 G - 15 scrolls of fear
 H - 6 scrolls of holy word
 N - 3 scrolls of summoning
 O - 17 scrolls of identify
 P - 3 scrolls of silence
 Q - 7 scrolls of blinking
Potions
 a - 6 potions of heal wounds
 c - a potion of lignification
 e - 7 potions of ambrosia
 g - 5 potions of resistance
 s - 38 potions of curing
 v - 2 potions of invisibility
 A - 6 potions of cancellation
 B - 16 potions of flight
 D - 4 potions of magic
 I - 13 potions of haste
 X - 2 potions of berserk rage
Miscellaneous
 w - 3 phantom mirrors
 C - a lamp of fire
Comestibles
 d - 45 rations


   Skills:
 O Level 27 Fighting
 * Level 25.6(27) Throwing
 - Level 22.0(27) Armour
 - Level 22.0(27) Dodging
 - Level 22.0(27) Shields
 - Level 22.0(27) Unarmed Combat
 + Level 15.5 Invocations


You had 26 spell levels left.
You didn't know any spells.
Your spell library contained the following spells:

 Spells                   Type           Power        Failure   Level  Hunger
 Animate Skeleton         Necr           N/A          43%         1    ##.....
 Apportation              Tloc           #.....       43%         1    ##.....
 Beastly Appendage        Tmut           #.....       43%         1    ##.....
 Corona                   Hex            #......      43%         1    ##.....
 Foxfire                  Conj/Fire      #...         43%         1    ##.....
 Freeze                   Ice            #...         43%         1    ##.....
 Infusion                 Chrm           #...         43%         1    ##.....
 Magic Dart               Conj           #...         43%         1    ##.....
 Sandblast                Erth           #.....       43%         1    ##.....
 Shock                    Conj/Air       #...         43%         1    ##.....
 Sting                    Tmut/Pois      #...         43%         1    ##.....
 Summon Butterflies       Summ           #.......     43%         1    ##.....
 Summon Small Mammal      Summ           #...         43%         1    ##.....
 Blink                    Tloc           N/A          58%         2    ###....
 Call Imp                 Summ           #.......     58%         2    ###....
 Corpse Rot               Necr/Air       N/A          58%         2    ###....
 Ensorcelled Hibernation  Hex/Ice        #.....       58%         2    ###....
 Passwall                 Tmut/Erth      #.......     58%         2    ###....
 Poisonous Vapours        Pois/Air       #.....       58%         2    ###....
 Shroud of Golubria       Chrm/Tloc      #.....       58%         2    ###....
 Slow                     Hex            #.......     58%         2    ###....
 Song of Slaying          Chrm           #.......     58%         2    ###....
 Sticks to Snakes         Tmut           #.......     58%         2    ###....
 Sublimation of Blood     Necr           #.........   58%         2    ###....
 Swiftness                Chrm/Air       #.......     58%         2    ###....
 Call Canine Familiar     Summ           #.......     82%         3    ####...
 Confusing Touch          Hex            #.......     82%         3    ####...
 Conjure Flame            Conj/Fire      #.......     82%         3    ####...
 Dazzling Flash           Conj/Hex       #.....       82%         3    ####...
 Frozen Ramparts          Ice            #.....       82%         3    ####...
 Gell's Gravitas          Tloc           #.........   82%         3    ####...
 Ignite Poison            Fire/Tmut/Pois #.......     82%         3    ####...
 Inner Flame              Hex/Fire       #.......     82%         3    ####...
 Lesser Beckoning         Tloc           #.........   82%         3    ####...
 Mephitic Cloud           Conj/Pois/Air  #.......     82%         3    ####...
 Ozocubu's Armour         Chrm/Ice       #.......     82%         3    ####...
 Portal Projectile        Hex/Tloc       #.....       82%         3    ####...
 Recall                   Summ/Tloc      N/A          82%         3    ####...
 Spectral Weapon          Hex/Chrm       #.......     82%         3    ####...
 Spider Form              Tmut/Pois      #.........   82%         3    ####...
 Static Discharge         Conj/Air       #.......     82%         3    ####...
 Stone Arrow              Conj/Erth      #.....       82%         3    ####...
 Summon Guardian Golem    Hex/Summ       #.......     82%         3    ####...
 Teleport Other           Tloc           #.......     82%         3    ####...
 Tukima's Dance           Hex            #.......     82%         3    ####...
 Animate Dead             Necr           N/A          99%         4    #####..
 Cause Fear               Hex            #.........   99%         4    #####..
 Dispel Undead            Necr           #.......     99%         4    #####..
 Fulminant Prism          Conj/Hex       #.........   99%         4    #####..
 Hailstorm                Conj/Ice       #.......     99%         4    #####..
 Ice Form                 Ice/Tmut       #.......     99%         4    #####..
 Leda's Liquefaction      Hex/Erth       #.........   99%         4    #####..
 Olgreb's Toxic Radiance  Pois           #.......     99%         4    #####..
 Passage of Golubria      Tloc           N/A          99%         4    #####..
 Petrify                  Tmut/Erth      #.......     99%         4    #####..
 Sticky Flame             Conj/Fire      #.......     99%         4    #####..
 Summon Ice Beast         Ice/Summ       #.......     99%         4    #####..
 Summon Lightning Spire   Summ/Air       #.......     99%         4    #####..
 Agony                    Necr           #.......     100%        5    ######.
 Alistair's Intoxication  Tmut/Pois      #.......     100%        5    ######.
 Aura of Abjuration       Summ           #.........   100%        5    ######.
 Blade Hands              Tmut           #.........   100%        5    ######.
 Bolt of Magma            Conj/Fire/Erth #.........   100%        5    ######.
 Borgnjor's Vile Clutch   Necr/Erth      #.........   100%        5    ######.
 Excruciating Wounds      Chrm/Necr      #.........   100%        5    ######.
 Fireball                 Conj/Fire      #.........   100%        5    ######.
 Irradiate                Conj/Tmut      #.........   100%        5    ######.
 Lee's Rapid Deconstruct  Erth           #.........   100%        5    ######.
 Lightning Bolt           Conj/Air       #.........   100%        5    ######.
 Metabolic Englaciation   Hex/Ice        #.........   100%        5    ######.
 Silence                  Hex/Air        #.........   100%        5    ######.
 Summon Demon             Summ           #.........   100%        5    ######.
 Summon Forest            Summ/Tloc      #.........   100%        5    ######.
 Summon Mana Viper        Hex/Summ       #.......     100%        5    ######.
 Yara's Violent Unravell  Hex/Tmut       #.........   100%        5    ######.
 Conjure Ball Lightning   Conj/Air       #.........   100%        6    #######
 Darkness                 Hex            #.........   100%        6    #######
 Death Channel            Necr           #.........   100%        6    #######
 Deflect Missiles         Chrm/Air       #.........   100%        6    #######
 Dispersal                Tloc           #.........   100%        6    #######
 Eringya's Noxious Bog    Tmut/Pois      #.........   100%        6    #######
 Freezing Cloud           Conj/Ice/Air   #.........   100%        6    #######
 Hydra Form               Tmut           #.........   100%        6    #######
 Invisibility             Hex            #.......     100%        6    #######
 Iron Shot                Conj/Erth      #.........   100%        6    #######
 Ozocubu's Refrigeration  Ice            #.........   100%        6    #######
 Shadow Creatures         Summ           N/A          100%        6    #######
 Simulacrum               Ice/Necr       #.........   100%        6    #######
 Statue Form              Tmut/Erth      #........    100%        6    #######
 Dragon Form              Tmut           #.........   100%        7    #######
 Haunt                    Necr/Summ      #.........   100%        7    #######
 Malign Gateway           Summ/Tloc      #.........   100%        7    #######
 Monstrous Menagerie      Summ           #.........   100%        7    #######
 Ring of Flames           Chrm/Fire      #.........   100%        7    #######
 Spellforged Servitor     Conj/Summ      #.........   100%        7    #######
 Summon Greater Demon     Summ           #.........   100%        7    #######
 Summon Hydra             Summ           #.........   100%        7    #######
 Borgnjor's Revivificati  Necr           #.........   100%        8    #######
 Chain Lightning          Conj/Air       #.........   100%        8    #######
 Controlled Blink         Tloc           N/A          100%        8    #######
 Death's Door             Chrm/Necr      #.........   100%        8    #######
 Disjunction              Tloc           #.........   100%        8    #######
 Infestation              Necr           #.........   100%        8    #######
 Lehudib's Crystal Spear  Conj/Erth      #.........   100%        8    #######
 Necromutation            Tmut/Necr      #.........   100%        8    #######
 Summon Horrible Things   Summ           #.........   100%        8    #######
 Dragon's Call            Summ           #.........   100%        9    #######
 Fire Storm               Conj/Fire      #.........   100%        9    #######
 Glaciate                 Conj/Ice       #.........   100%        9    #######
 Shatter                  Erth           #.........   100%        9    #######
 Tornado                  Air            #.........   100%        9    #######


Dungeon Overview and Level Annotations

Branches:
Dungeon (15/15)            Temple (1/1) D:6            Lair (6/6) D:9
  Swamp (4/4) Lair:2       Spider (4/4) Lair:2        Slime (5/5) Lair:6
    Orc (2/2) D:9             Elf (3/3) Orc:2        Vaults (5/5) D:13
  Crypt (3/3) Vaults:2       Tomb (2/3) Crypt:3      Depths (5/5) D:15
   Hell (visited)             Dis (7/7) Hell            Geh (7/7) Hell
    Coc (7/7) Hell            Tar (7/7) Hell            Zot (5/5) Depths:5
  IceCv (visited)

Altars:
Ashenzari
Cheibriados
Dithmenos
Kikubaaqudgha
Makhleb
Nemelex Xobeh
Okawaru
Qazlal
Sif Muna
Uskayaw
Xom
Yredelemnul
The Shining One
Beogh
Jiyva

Shops:
D:5 %   D:14 *}=!   Orc:2 ((=[   Elf:1 }   Vaults:1 ?   Vaults:2 ([
Depths:2 %([%%   Depths:4 :

Portals:
Hell: Depths:1 Depths:2 Depths:3 Depths:4 Depths:5
Abyss: Depths:2 Depths:4
Pandemonium: Depths:3 Depths:4
Ziggurat: Depths:5


Innate Abilities, Weirdness & Mutations

You are too large for most types of armour.
((You have claws for hands.))
Your metabolism is lightning-fast.
You like to eat raw meat.
Your natural rate of healing is unusually fast.
((You are covered in fur. (AC +1)))
((You have extremely tough skin. (AC +3)))
((You have very sharp teeth.))
((You are partially covered in yellow scales. (AC +2)))
Your body sometimes deteriorates upon taking damage.
Your magical capacity is low. (-10% MP)
You are robust. (+10% HP)
You occasionally shout uncontrollably at your foes.
Your spells are a little easier to cast, but a little less powerful.


Message History

The death scarab bites you.
* * * LOW HITPOINT WARNING * * *
The wraith hits you.
* * * LOW HITPOINT WARNING * * *
The greater mummy casts a spell.
You are very lightly contaminated with residual magic.
Unknown command.
You feel much better. You block the death scarab's attack. x2
The death scarab bites you but does no damage.
You block the flying skull's attack. The flying skull completely misses you.
The death scarab bites you but does no damage.
The mummy hits you.
* * * LOW HITPOINT WARNING * * *
You block the flying skull's attack.
The mummy priest calls down the wrath of its god upon you.
Something smites you!
* * * LOW HITPOINT WARNING * * *
You block the flying skull's attack.
The reaper hits you from afar with a +1 scythe of venom!
You die... ###†### ..... ...^..# #.^††.# .....###......# #.....# # ....#...#.....# #.....# #....#4Mn..#.... #....†# #. #ssWMWZ.# .# #.....# #.M#Z4sMsZ.#..# #....<# #WMMZMWz..# #.....# ##3zsWznMZ.## #.....# #s3Ms♣zMM...# #.....# ##MMsMsMM..##

#.....#
#ssMs.2...#
###'###
#..#.MZ....#.^#
#.....#
#..#.......#..#
#^....# #.
.#s....#....#
#.....# #
...#...#.....#
#.....#
.....###.....
#.....#


You could see 3 greater mummies, 2 emperor scorpions, a reaper, an ancient
champion, 2 mummy priests, a flayed ghost, 2 sun demons, 2 shadow wraiths, an
orange demon, a guardian mummy, a spectral harpy, a spectral snapping turtle, a
spectral ettin, a chaos spawn, 2 wraiths, 11 death scarabs, 2 necrophages, 3
flying skulls, 12 mummies, a fire dragon simulacrum, an eight-headed hydra
skeleton and a frost giant skeleton.

Vanquished Creatures
  Cerebov (Pan)
  Antaeus (Coc:7)
  the Royal Jelly (Slime:5)
  Asmodeus (Geh:7)
  Ereshkigal (Tar:7)
  Gloorx Vloq (Pan)
  A seraph (Pan)
  Mnoleg (Pan)
  Lom Lobon (Pan)
  Dispater (Dis:7)
  11 orbs of fire
  7 ancient liches
  Mara (Spider:2)
  Mennas (Pan)
  A juggernaut (Depths:5)
  Bai Suzhen (Swamp:4)
  Frederick (Vaults:4)
  Saint Roka (Orc:2)
  4 Killer Klowns
  14 shard shrikes
  Xtahua (Vaults:3)
  A curse toe (Zot:4)
  Geryon (Hell)
  6 caustic shrikes
  Nikola (Depths:1)
  2 pandemonium lords (Pan)
  The ghost of Faels the Warrior, a veteran DsFi of Okawaru (Vaults:4)
  11 golden dragons
  14 bone dragons
  3 electric golems
  4 iron giants
  7 doom hounds
  26 Brimstone Fiends
  Jorgrun (Elf:1)
  20 tentacled monstrosities
  30 Tzitzimimeh
  23 liches
  Rupert (Lair:4)
  25 Orb Guardians (Zot:5)
  19 Ice Fiends
  8 titans
  13 Hell Sentinels
  10 quicksilver dragons
  4 deep elf master archers (Elf:3)
  8 tentacled starspawn
  A deep elf blademaster (Elf:3)
  21 Executioners
  Frances (Spider:2)
  30 acid blobs
  15 death cobs
  4 eldritch tentacles
  14 sphinxes
  14 ancient champions
  5 thorn hunters (Swamp:4)
  Kirke (Elf:1)
  13 storm dragons
  5 draconian monks
  Roxanne (D:14)
  11 shadow dragons
  20 azure jellies
  4 revenants
  3 daevas (Pan)
  7 tengu reavers
  Louise (Spider:1)
  16 vault wardens
  A draconian knight (Zot:3)
  15 fire giants
  9 deep elf sorcerers
  37 balrugs
  14 frost giants
  16 iron dragons
  9 angels (Pan)
  5 warmongers (Pan)
  9 ghost moths
  A draconian scorcher (Zot:2)
  5 curse skulls
  19 cacodemons
  2 draconian shifters
  3 ghouls (Crypt:1)
  5 emperor scorpions (Spider:4)
  A draconian stormcaller (Zot:1)
  53 reapers
  2 deep elf elementalists (Elf:3)
  An emperor scorpion (shapeshifter) (Depths:2)
  20 ironheart preservers
  5 spriggan defenders
  6 draconian annihilators
  32 very ugly things
  4 elemental wellsprings
  3 blood saints (Pan)
  17 vampire knights
  14 war gargoyles
  2 bennus (Tomb:1)
  5 green draconians
  3 entropy weavers
  8 deep elf demonologists
  9 black draconians
  8 ophanim (Pan)
  2 black suns (Pan)
  4 corrupters (Pan)
  28 stone giants
  12 red draconians
  8 spark wasps
  15 deep elf annihilators
  5 lorocyprocas
  Azrael (Orc:2)
  10 purple draconians
  16 white draconians
  10 yellow draconians
  4 eidola
  8 green deaths
  6 ettins
  17 yaktaur captains
  11 fire dragons
  12 jiangshi
  The ghost of DiscoBob the Grappler, a journeyman TrMo of the Shining One (D:11)
  Josephine (Orc:2)
  9 deep elf death magi
  Snorg (Lair:5)
  An ettin (shapeshifter) (Vaults:5)
  10 death oozes
  20 blizzard demons
  2 crystal guardians
  13 mummy priests
  7 quicksilver dragon zombies
  4 quicksilver dragon skeletons
  Erolcha (D:10)
  12 deep elf high priests
  16 great orbs of eyes
  16 hydras
  24 ice dragons
  37 vault guards
  4 monstrous demonspawn (Pan)
  8 spriggan air magi
  15 rakshasas
  A kraken zombie (Coc:1)
  2 juggernaut simulacra (Pan)
  20 alligators
  3 centaur warriors
  2 death knights
  3 shambling mangroves
  3 ghost crabs
  An anaconda (shapeshifter) (Depths:3)
  3 hell beasts
  10 tengu warriors
  47 two-headed ogres
  27 dancing weapons
  19 ogre magi
  5 death yaks
  2 thrashing horrors (Abyss:2)
  6 titan zombies
  10 deep troll shamans
  9 hell hogs
  12 deep troll earth magi
  2 orc high priests
  35 death scarabs
  6 holy swine (Pan)
  10 vampire magi
  13 soul eaters
  56 hell knights
  22 deep elf knights
  3 storm dragon zombies
  39 sun demons
  4 iron golems
  8 titan skeletons
  10 shadow wraiths
  6 spriggan berserkers
  An iron troll (Depths:5)
  A spatial maelstrom (Abyss:2)
  3 golden dragon zombies
  Sonja (Lair:5)
  24 sixfirhies
  10 wretched stars
  2 storm dragon skeletons
  4 ghost moth zombies
  12 anaconda zombies
  11 glowing orange brains
  A glowing orange brain (shapeshifter) (Depths:3)
  141 skeletal warriors
  A spriggan druid (Elf:2)
  3 death drakes
  4 unseen horrors
  5 gelid demonspawn
  3 infernal demonspawn (Pan)
  7 swamp dragons
  10 wizards
  2 tengu zombies
  21 flayed ghosts
  19 shadow demons
  4 torturous demonspawn (Pan)
  16 deep elf archers
  2 lindwurms (Lair:6)
  A shadow dragon zombie (Geh:6)
  An orange crystal statue (Abyss:1)
  25 deep trolls
  18 phantasmal warriors
  10 cherubim (Pan)
  21 necromancers
  Pikel (D:7)
  6 harpies
  16 orc knights
  14 ironbrand convokers
  5 golden dragon skeletons
  A harpy (shapeshifter) (Abyss:5)
  22 orb spiders
  6 wolf spider zombies
  7 iron dragon zombies
  11 shining eyes
  5 frost giant zombies
  70 deep elf magi
  4 oklob plants (Lair:6)
  61 ugly things
  11 anaconda skeletons
  5 fire giant zombies
  4 orc sorcerers
  3 iron dragon skeletons
  8 stone giant zombies
  7 shadow dragon skeletons
  28 wolf spiders
  2 worldbinders (Abyss:2)
  6 ice statues
  2 black mambas (shapeshifter)
  4 cyclopes
  21 moths of wrath
  A moth of wrath (shapeshifter) (Vaults:5)
  5 frost giant skeletons
  2 elephants (Lair:6)
  4 shock serpent zombies
  4 black mambas
  4 fire giant skeletons
  26 smoke demons
  8 molten gargoyles
  8 stone giant skeletons
  A guardian serpent (Depths:1)
  Joseph (D:7)
  5 centaur skeletons
  35 rust devils
  8 dire elephant zombies
  20 spiny frogs
  6 eyes of devastation
  12 vault sentinels
  25 hellions
  2 torpor snails
  Maggie (D:6)
  A storm dragon simulacrum (Vaults:1)
  A catoblepas zombie (Geh:6)
  19 orange demons
  A white draconian zombie (Crypt:2)
  6 gargoyles
  A yellow draconian zombie (Crypt:2)
  A black draconian zombie (Hell)
  5 kobold demonologists
  2 shock serpent skeletons
  31 freezing wraiths
  5 dire elephant skeletons
  65 yaktaurs
  4 komodo dragons
  A yaktaur (shapeshifter) (D:15)
  A rime drake (shapeshifter) (Depths:3)
  48 tormentors
  6 ancient zymes
  19 demonic crawlers
  9 rime drakes
  An emperor scorpion zombie (Dis:5)
  39 red devils
  14 guardian mummies
  4 efreet
  15 hellwings
  An anaconda simulacrum (Coc:7)
  A black draconian skeleton (Crypt:1)
  3 silent spectres
  3 meliai (Spider:2)
  17 hydra zombies
  3 tengu conjurers
  69 ice devils
  3 harpy zombies
  2 trolls (shapeshifter)
  21 jumping spiders
  31 polar bears
  12 trolls
  A tengu simulacrum (Vaults:3)
  A wind drake (shapeshifter) (Depths:2)
  A sphinx simulacrum (Vaults:1)
  A tyrant leech (shapeshifter) (Vaults:4)
  33 hornets
  4 hydra skeletons
  40 large abominations
  A shadow dragon simulacrum (Coc:2)
  164 slime creatures
  2 dream sheep (Lair:6)
  A blink frog (shapeshifter) (D:15)
  14 blink frogs
  5 ettin zombies
  6 alligator zombies
  A hippogriff (shapeshifter) (D:15)
  6 tyrant leeches
  An iron dragon simulacrum (Coc:7)
  2 human simulacra (Vaults:2)
  8 fire dragon zombies
  4 hippogriffs
  4 bog bodies
  11 raiju
  A stone giant simulacrum (Coc:6)
  A spriggan (shapeshifter) (Vaults:1)
  3 black mamba zombies
  6 ettin skeletons
  A shock serpent simulacrum (Abyss:2)
  10 starcursed masses (Abyss:4)
  97 flying skulls
  31 shadows
  15 spriggans
  19 tarantellas
  2 tarantellas (shapeshifter)
  5 ice dragon zombies
  An air elemental (Elf:3)
  6 fire dragon skeletons
  15 ynoxinuls
  A fire giant simulacrum (Tar:2)
  8 ice dragon skeletons
  49 redbacks
  19 water elementals
  63 yaks
  A human (shapeshifter) (D:15)
  6 alligator skeletons
  10 vampires
  2 black mamba skeletons
  3 basilisks
  8 chaos spawn
  41 wraiths
  2 hogs (Elf:1)
  30 fire elementals
  3 humans (Depths:4)
  4 wyverns
  2 yaks (shapeshifter)
  2 basilisks (shapeshifter) (Vaults:1)
  12 golden eyes
  A yaktaur simulacrum (Vaults:3)
  19 neqoxecs
  Eustachio (D:5)
  An elf zombie (Depths:4)
  3 hungry ghosts
  A steam dragon (D:6)
  A catoblepas simulacrum (Abyss:2)
  17 vampire mosquitoes
  19 insubstantial wisps
  A merfolk zombie (Geh:7)
  13 swamp worms
  14 spiny frog zombies
  9 wargs
  4 acid dragons
  A hydra simulacrum (Coc:3)
  10 water moccasins
  5 floating eyes
  10 porcupines
  A torturous demonspawn skeleton (Crypt:2)
  78 hell hounds
  5 snapping turtle zombies
  8 swamp drakes
  58 orc warriors
  6 sky beasts
  2 spiny frog skeletons
  An ettin simulacrum (Coc:7)
  9 ice beasts
  An ice dragon simulacrum (Tar:7)
  17 black bears
  2 swamp dragon zombies
  25 necrophages
  39 ogres
  11 eyes of draining
  2 slaves (D:7)
  8 phantoms
  14 boggarts
  An alligator simulacrum (Hell)
  44 wolves
  2 tengu (shapeshifter)
  An elephant skeleton (Crypt:1)
  9 centaurs
  A swamp dragon skeleton (Tar:7)
  2 human skeletons
  3 snapping turtle skeletons
  16 crocodiles
  2 manticore skeletons
  12 small abominations
  6 human zombies
  4 big kobolds
  Blork the orc (D:4)
  A rime drake skeleton (Crypt:2)
  21 bullfrogs
  An elf skeleton (Geh:7)
  An ogre simulacrum (Vaults:1)
  3 earth elementals
  A water moccasin skeleton (D:11)
  A scorpion (D:8)
  A spriggan zombie (Coc:7)
  2 troll zombies
  9 killer bees
  80 wights
  2 electric eels
  A troll skeleton (Crypt:1)
  4 howler monkeys
  32 crimson imps
  A bullfrog zombie (D:6)
  8 hounds
  4 jellies
  A quasit (Abyss:2)
  6 centaur zombies
  3 bullfrog skeletons
  22 orc priests
  16 iron imps
  36 orc wizards
  5 iguanas
  12 worker ants
  4 hell rats (Hell)
  A naga zombie (Crypt:1)
  A tengu skeleton (Pan)
  A naga skeleton (Crypt:1)
  5 hound skeletons
  2 hound zombies
  17 mummies
  2 worker ant zombies (D:5)
  14 gnolls
  18 adders
  17 shadow imps
  33 white imps
  An ufetubus (Abyss:2)
  2 oozes
  2 adder zombies
  A halfling zombie (Crypt:2)
  An adder skeleton (D:2)
  3 worms
  4 dart slugs
  9 leopard geckos
  128 orcs
  4 bats
  A bat skeleton (D:2)
  6 giant cockroaches
  6 goblins
  A hobgoblin (D:1)
  15 jackals
  5 quokkas
  2 ball pythons
  7 frilled lizards
  A hobgoblin zombie (Crypt:1)
  2 jackal zombies (D:2)
  30 kobolds
  A kobold zombie (Dis:2)
  A leopard gecko skeleton (D:6)
  A leopard gecko zombie (D:5)
  An orc skeleton (Crypt:1)
  An orc zombie (Crypt:1)
  A quokka skeleton (D:5)
  2 quokka zombies
  6 rats
  A briar patch (Swamp:4)
  2 fire vortices (Geh:6)
  A lurking horror (Abyss:2)
  4 plants
  3 starspawn tentacles (Abyss:4)
  3 tentacles (Coc:1)
4908 creatures vanquished.

Vanquished Creatures (collateral kills)
  A hydra (Swamp:4)
  A swamp dragon (Swamp:4)
2 creatures vanquished.

Vanquished Creatures (others)
  A Tzitzimitl (Tar:5)
  4 eldritch tentacles
  An Executioner (Pan)
  A green death (Pan)
  A hydra (Swamp:4)
  A two-headed ogre (Depths:1)
  3 hell hogs
  2 deep elf knights
  A cherub (Pan)
  3 deep elf magi (Elf:3)
  A spiny frog (Swamp:1)
  A komodo dragon (Swamp:1)
  An ice devil (Coc:2)
  2 hellwings (Pan)
  2 jumping spiders (Spider:4)
  2 flying skulls
  A shadow (Geh:6)
  A water elemental (Coc:7)
  3 humans (Elf:1)
  3 insubstantial wisps (Swamp:1)
  A swamp drake (Swamp:1)
  An orc warrior (Vaults:3)
  A necrophage (Geh:5)
  An ogre (Depths:1)
  A wight (Geh:5)
  2 crimson imps (Geh:6)
  A bullfrog zombie (D:12)
  An iron imp (Hell)
  3 white imps
  An ufetubus (Abyss:2)
  5 ball lightnings (Pan)
  A block of ice (Pan)
  A fungus (Elf:2)
  A lurking horror (Abyss:2)
  19 plants
  9 starspawn tentacles
  A tentacle (Coc:1)
  10 withered plants (Crypt:3)
95 creatures vanquished.

Grand Total: 5005 creatures vanquished

Notes
Turn   | Place    | Note
-------+----------+-------------------------------------------
     0 | D:1      | Trolling the Troll Fighter began the quest for the Orb.
     0 | D:1      | Reached XP level 1. HP: 22/22 MP: 0/0
   130 | D:1      | Reached XP level 2. HP: 25/29 MP: 1/1
   340 | D:1      | Reached XP level 3. HP: 32/36 MP: 2/2
  1004 | D:2      | Reached skill level 3 in Fighting
  1004 | D:2      | Reached XP level 4. HP: 33/45 MP: 3/3
  1023 | D:2      | Reached XP level 5. HP: 29/53 MP: 4/4
  1638 | D:2      | Reached XP level 6. HP: 61/61 MP: 5/5
  1831 | D:3      | You fall into a shaft and drop 2 floors!
  1831 | D:5      | Entered Level 5 of the Dungeon
  1958 | D:5      | Reached skill level 5 in Unarmed Combat
  2176 | D:4      | Reached XP level 7. HP: 52/68 MP: 6/6
  2475 | D:3      | Found a shadowy altar of Dithmenos.
  2655 | D:3      | Found a shimmering blue altar of Sif Muna.
  2658 | D:3      | Found a snail-covered altar of Cheibriados.
  2781 | D:3      | Found a hide-covered altar of Uskayaw.
  2932 | D:4      | Reached skill level 4 in Fighting
  3061 | D:4      | Noticed Blork the orc
  3069 | D:4      | Killed Blork the orc
  3335 | D:4      | Found a stormy altar of Qazlal.
  3727 | D:5      | Noticed Eustachio
  3740 | D:5      | Killed Eustachio
  3797 | D:5      | Found Atuogityq's Food Boutique.
  3911 | D:5      | Reached XP level 8. HP: 41/79 MP: 7/7
  4323 | D:5      | Reached skill level 5 in Fighting
  4323 | D:5      | Reached skill level 5 in Shields
  4381 | D:6      | Got a faintly glowing silver amulet
  4382 | D:6      | Identified the amulet "Keeve" {Spirit rF- MR++ Str+5} (You
                  | found it on level 6 of the Dungeon)
  4583 | D:6      | Reached XP level 9. HP: 86/88 MP: 8/8
  4595 | D:6      | Noticed Maggie
  4608 | D:6      | Killed Maggie
  4614 | D:6      | Found a staircase to the Ecumenical Temple.
  4635 | Temple   | Entered the Ecumenical Temple
  4729 | Temple   | Became a worshipper of Warmaster Okawaru
  4930 | D:6      | Reached skill level 1 in Invocations
  5132 | D:6      | Reached skill level 6 in Fighting
  5241 | D:6      | Reached * piety under Okawaru
  5487 | D:7      | Noticed Pikel
  5501 | D:7      | Killed Pikel
  5501 | D:7      | Reached skill level 10 in Unarmed Combat
  5501 | D:7      | Reached XP level 10. HP: 93/100 MP: 10/10
  5613 | D:7      | Noticed Joseph
  5626 | D:7      | Killed Joseph
  5626 | D:7      | Reached ** piety under Okawaru
  7071 | D:9      | Reached skill level 7 in Fighting
  7104 | D:9      | Found a roughly hewn altar of Beogh.
  7104 | D:9      | Found a staircase to the Orcish Mines.
  7105 | D:9      | Noticed a two-headed ogre
  7117 | D:9      | Killed a two-headed ogre
  7117 | D:9      | Reached *** piety under Okawaru
  7550 | D:9      | Found a staircase to the Lair.
  7708 | D:9      | Reached **** piety under Okawaru
  7836 | D:9      | Found a staircase to the Lair.
  8161 | D:10     | Entered Level 10 of the Dungeon
  8180 | D:10     | Reached XP level 11. HP: 50/109 MP: 9/11
  8312 | D:10     | Paralysed by a hornet for 1 turns
  8564 | D:10     | Noticed Erolcha
  8577 | D:10     | Killed Erolcha
  8714 | D:10     | Noticed a two-headed ogre
  8725 | D:10     | Killed a two-headed ogre
  8905 | D:10     | You fall into a shaft and drop 1 floor!
  8910 | D:11     | Reached ***** piety under Okawaru
  8917 | D:11     | Reached skill level 8 in Fighting
  9278 | D:11     | Killed an unseen horror
  9391 | D:11     | Noticed a two-headed ogre
  9403 | D:11     | Killed a two-headed ogre
  9436 | D:11     | Found a runed translucent door.
  9436 | D:11     | Found a shimmering altar of Xom.
  9436 | D:11     | Noticed DiscoBob's ghost (journeyman TrMo)
  9555 | D:11     | Noticed a seven-headed hydra
  9824 | D:10     | Killed a 13-headed hydra
 10300 | D:11     | Noticed a +6 scimitar of chaos
 10313 | D:11     | Reached XP level 12. HP: 108/122 MP: 12/12
 10493 | D:11     | Noticed a two-headed ogre
 10499 | D:11     | Killed a two-headed ogre
 10754 | D:11     | Found a roughly hewn altar of Beogh.
 10793 | D:11     | Reached skill level 9 in Fighting
 10797 | D:11     | Received a gift from Okawaru
 11022 | D:11     | Killed DiscoBob's ghost
 11098 | D:12     | Noticed a two-headed ogre
 11106 | D:12     | Killed a two-headed ogre
 11443 | D:12     | Noticed a two-headed ogre
 11448 | D:12     | Killed a two-headed ogre
 11448 | D:12     | Reached skill level 1 in Throwing
 11448 | D:12     | Reached skill level 1 in Armour
 11587 | D:13     | Noticed a vault guard
 11589 | D:13     | Noticed a vault guard
 11593 | D:13     | Noticed a vault guard
 11596 | D:13     | Noticed a vault guard
 11602 | D:13     | Noticed a vault guard
 11607 | D:13     | Killed a vault guard
 11616 | D:13     | Killed a vault guard
 11619 | D:13     | Killed a vault guard
 11627 | D:13     | Killed a vault guard
 11627 | D:13     | Reached XP level 13. HP: 100/131 MP: 11/14
 11661 | D:13     | Received a gift from Okawaru
 11892 | D:13     | Found a gate to the Vaults.
 12584 | D:14     | Noticed Roxanne
 12586 | D:14     | Noticed a fire dragon
 12604 | D:14     | Found Akojui's Gadget Shop.
 12606 | D:14     | Found Sify's Jewellery Emporium.
 12613 | D:14     | Found a gateway to a bazaar.
 12622 | Bazaar   | Entered a bazaar
 12622 | Bazaar   | Found Liuskusch's Gadget Boutique.
 12622 | Bazaar   | Found Liklei's Book Shoppe.
 12622 | Bazaar   | Found Gollyss's Antique Weapon Shop.
 12708 | Bazaar   | Found Hosuf's Antique Weapon Emporium.
 12708 | Bazaar   | Found Wegir's Antique Weapon Shop.
 12749 | Bazaar   | Bought a runed fustibalus for 540 gold pieces
 12781 | D:14     | Received a gift from Okawaru
 12797 | D:14     | Reached skill level 10 in Fighting
 12854 | D:14     | Found a frozen archway.
 12861 | IceCv    | Entered an ice cave
 13192 | IceCv    | Reached skill level 15 in Unarmed Combat
 13305 | IceCv    | Received a gift from Okawaru
 13583 | IceCv    | Noticed a frost giant
 13625 | IceCv    | Killed a frost giant
 13625 | IceCv    | Reached skill level 5 in Dodging
 13625 | IceCv    | Reached skill level 5 in Invocations
 13647 | IceCv    | Reached XP level 14. HP: 133/143 MP: 16/16
 13966 | D:14     | Found Muimn's Distillery.
 14386 | D:14     | Found Hicask's General Store.
 14921 | D:14     | Killed Roxanne
 14921 | D:14     | Reached skill level 5 in Throwing
 14965 | D:15     | Entered Level 15 of the Dungeon
 15133 | D:15     | Found a staircase to the Depths.
 15312 | D:15     | Reached ****** piety under Okawaru
 15314 | D:15     | Reached skill level 5 in Armour
 15324 | D:15     | Received a gift from Okawaru
 16008 | Lair:1   | Entered Level 1 of the Lair of Beasts
 16624 | Lair:1   | You fall into a shaft and drop 1 floor!
 16828 | Lair:2   | Found a hole to the Spider Nest.
 17073 | Lair:2   | Found a staircase to the Swamp.
 18877 | Lair:4   | Noticed Rupert
 18888 | Lair:4   | Killed Rupert
 18888 | Lair:4   | Reached skill level 11 in Fighting
 18888 | Lair:4   | Reached XP level 15. HP: 128/153 MP: 9/19
 19613 | Lair:5   | Noticed Sonja
 19620 | Lair:5   | Killed Sonja
 19620 | Lair:5   | Received a gift from Okawaru
 19624 | Lair:5   | Got an ancient robe {god gift}
 19635 | Lair:5   | Identified the +1 robe of the Iron City of Dis {rC+}
                  | (Okawaru gifted it to you on level 5 of the Lair of Beasts)
 19739 | Lair:5   | Noticed Snorg
 19757 | Lair:5   | Killed Snorg
 20107 | Lair:6   | Entered Level 6 of the Lair of Beasts
 20168 | Lair:6   | Found a staircase to the Slime Pits.
 20168 | Lair:6   | Found a viscous altar of Jiyva.
 21329 | Lair:6   | Received a gift from Okawaru
 21885 | Orc:1    | Entered Level 1 of the Orcish Mines
 22167 | Orc:2    | Entered Level 2 of the Orcish Mines
 22448 | Orc:2    | Found a staircase to the Elven Halls.
 22501 | Orc:2    | Found a roughly hewn altar of Beogh.
 22523 | Orc:2    | Found a roughly hewn altar of Beogh.
 22590 | Orc:2    | Noticed Saint Roka
 22697 | Orc:2    | Found a roughly hewn altar of Beogh.
 22698 | Orc:2    | Found Ubet's Jewellery Shop.
 23228 | Orc:2    | Found a roughly hewn altar of Beogh.
 23296 | Orc:2    | Noticed Azrael
 23296 | Orc:2    | Noticed Josephine
 23426 | Orc:2    | Killed Azrael
 23444 | Orc:2    | Found a roughly hewn altar of Beogh.
 23527 | Orc:2    | Found Cohul's Antique Weapon Shop.
 23583 | Orc:2    | Found a roughly hewn altar of Beogh.
 23601 | Orc:2    | Killed Josephine
 23601 | Orc:2    | Reached XP level 16. HP: 163/163 MP: 21/21
 23624 | Orc:2    | Found a roughly hewn altar of Beogh.
 23784 | Orc:2    | Killed Saint Roka
 23796 | Orc:2    | Found Hygakk's Antique Weapon Boutique.
 23797 | Orc:2    | Found a roughly hewn altar of Beogh.
 23798 | Orc:2    | Found Husymulo's Antique Armour Shop.
 23882 | Elf:1    | Entered Level 1 of the Elven Halls
 23890 | Elf:1    | Noticed Kirke
 23911 | Elf:1    | Killed Kirke
 23979 | Elf:1    | Identified a scroll of acquirement
 23980 | Elf:1    | Identified the +1 shortbow of the Gloaming {freeze, Dex+4}
                  | (You acquired it on level 1 of the Elven Halls)
 24209 | Elf:1    | Found an ancient bone altar of Kikubaaqudgha.
 24255 | Elf:1    | Identified the ring "Xuritat" {Ice rElec Str+7 Dex-2
                  | Stlth-} (You acquired it on level 1 of the Elven Halls)
 24321 | Elf:1    | Received a gift from Okawaru
 24328 | Elf:1    | Found Xaepseleso's Gadget Shoppe.
 24544 | Elf:1    | Received a gift from Okawaru
 24576 | Elf:1    | Noticed Jorgrun
 24673 | Elf:1    | Killed Jorgrun
 24846 | Elf:1    | Received a gift from Okawaru
 25212 | Elf:1    | Found Xaepseleso's Gadget Shoppe.
 25239 | Elf:1    | Found an ancient bone altar of Kikubaaqudgha.
 25823 | Elf:2    | Identified the cursed +1 falchion "Daushul" {venom, rPois
                  | rF+++ Int-2 Dex+3}
 25832 | Elf:2    | Reached skill level 12 in Fighting
 25958 | Elf:2    | Found a runed translucent gate.
 25958 | Elf:2    | Found a runed translucent gate.
 25958 | Elf:2    | Found a runed translucent gate.
 25981 | Elf:2    | Identified the cursed +1 robe of Music {Str+4 Slay-4}
 26173 | Elf:2    | Received a gift from Okawaru
 26268 | Elf:2    | Received a gift from Okawaru
 26526 | Elf:2    | Reached XP level 17. HP: 172/172 MP: 22/22
 26608 | Elf:2    | Received a gift from Okawaru
 27125 | Elf:3    | Entered Level 3 of the Elven Halls
 27192 | Elf:3    | Received a gift from Okawaru
 27299 | Elf:3    | Identified the -1 hat "Wuryl" {rElec} (You acquired it on
                  | level 3 of the Elven Halls)
 28591 | Elf:3    | Noticed a deep elf blademaster
 28605 | Elf:3    | Noticed a deep elf master archer
 28607 | Elf:3    | Killed a deep elf blademaster
 28610 | Elf:3    | Reached skill level 10 in Invocations
 28883 | Elf:3    | Reached skill level 10 in Armour
 28910 | Elf:3    | Killed a deep elf master archer
 29069 | Elf:3    | Received a gift from Okawaru
 29072 | Elf:3    | Identified the +2 robe of Depul {rC- rN+ MR- Dex+9}
                  | (Okawaru gifted it to you on level 3 of the Elven Halls)
 29683 | Elf:3    | Noticed a deep elf master archer
 29686 | Elf:3    | Identified the ring of the Everdark {rElec rPois MR+ Str+4
                  | Stlth+}
 29864 | Elf:3    | Killed a deep elf master archer
 30006 | Elf:3    | Noticed a deep elf master archer
 30231 | Elf:3    | Killed a deep elf master archer
 30507 | Elf:3    | Noticed a deep elf master archer
 30543 | Elf:3    | Killed a deep elf master archer
 30543 | Elf:3    | Reached XP level 18. HP: 129/184 MP: 22/24
 30864 | Elf:3    | Received a gift from Okawaru
 30913 | Elf:3    | Identified the amulet of Tomorrow {Inacc *Slow Int+5 Dex+4}
                  | (You found it on level 3 of the Elven Halls)
 30915 | Elf:3    | Identified the Guide on the Congealing Birds
 30929 | Elf:3    | Found the +4 moon troll leather armour {Spirit, Regen++
                  | MP+5}
 31165 | Elf:3    | Reached skill level 13 in Fighting
 31545 | Swamp:1  | Entered Level 1 of the Swamp
 31969 | Swamp:1  | You fall into a shaft and drop 1 floor!
 32077 | Swamp:2  | Received a gift from Okawaru
 32962 | Swamp:2  | Found the +0 pair of fencer's gloves {Riposte Dex+3}
 33517 | Swamp:3  | Got a silken robe
 33528 | Swamp:3  | Identified the +2 robe of Happiness {rPois Str+4 Int+2}
                  | (You found it on level 3 of the Swamp)
 33889 | Swamp:4  | Entered Level 4 of the Swamp
 34064 | Swamp:4  | Noticed Bai Suzhen
 34065 | Swamp:4  | Received a gift from Okawaru
 34077 | Swamp:4  | Killed Bai Suzhen
 34537 | Swamp:4  | Reached XP level 19. HP: 192/196 MP: 25/25
 34562 | Swamp:4  | Got a decaying rune of Zot
 35061 | Spider:1 | Entered Level 1 of the Spider Nest
 35061 | Spider:1 | Noticed Louise
 35077 | Spider:1 | Killed Louise
 36565 | Spider:2 | Noticed Frances
 36574 | Spider:2 | Killed Frances
 37140 | Spider:3 | Noticed Mara
 37144 | Spider:3 | Noticed Trolling's illusion
 37256 | Spider:2 | Killed Mara
 37256 | Spider:2 | Received a gift from Okawaru
 37256 | Spider:2 | Reached skill level 10 in Shields
 37726 | Spider:4 | Entered Level 4 of the Spider Nest
 37760 | Spider:4 | Reached skill level 10 in Throwing
 37992 | Spider:4 | Reached skill level 14 in Fighting
 38255 | Spider:4 | Identified the +4 cloak of the Sun {Regen+} (You found it
                  | on level 4 of the Spider Nest)
 38945 | Spider:4 | Received a gift from Okawaru
 38945 | Spider:4 | Reached skill level 10 in Dodging
 39252 | Spider:4 | Got a gossamer rune of Zot
 39931 | Vaults:1 | Entered Level 1 of the Vaults
 39972 | D:14     | Bought the ring of Kypp {rElec rF+ Str-3 Dex+5} for 604
                  | gold pieces
 39972 | D:14     | Bought the ring of Uwkope Ifah {AC+6 Str+5 Dex-5} for 1190
                  | gold pieces
 40092 | Vaults:1 | Reached XP level 20. HP: 206/206 MP: 26/26
 40829 | Vaults:1 | Received a gift from Okawaru
 40846 | Vaults:1 | Identified the +2 animal skin of the Ant {rF+ MP+9 Str+2
                  | Dex-4} (Okawaru gifted it to you on level 1 of the Vaults)
 40919 | Vaults:1 | Found a portal to a secret trove of treasure.
 40920 | Vaults:1 | Found Micvilul's Magic Scroll Emporium.
 40943 | Vaults:1 | Bought a scroll of acquirement for 1092 gold pieces
 40945 | Vaults:1 | Identified the +2 hat of Zawes {Str+2} (You acquired it on
                  | level 1 of the Vaults)
 41307 | Vaults:1 | Reached skill level 15 in Armour
 41809 | Vaults:2 | Found a staircase to the Crypt.
 42109 | Vaults:2 | Found Dyrrikha's Antique Weapon Shoppe.
 42245 | Vaults:2 | Received a gift from Okawaru
 42651 | Vaults:2 | Found Kitz's Armour Shop.
 43435 | Vaults:3 | Reached skill level 15 in Fighting
 43510 | Vaults:3 | Noticed Xtahua
 43517 | Vaults:3 | Killed Xtahua
 43517 | Vaults:3 | Received a gift from Okawaru
 43517 | Vaults:3 | Reached XP level 21. HP: 176/218 MP: 14/27
 44189 | Vaults:3 | Received a gift from Okawaru
 44255 | Vaults:3 | Identified the +0 hat of Trumpets {Stlth+} (Okawaru gifted
                  | it to you on level 3 of the Vaults)
 45168 | Vaults:4 | Found a runed translucent gate.
 45169 | Vaults:4 | Found a runed translucent gate.
 45170 | Vaults:4 | Found a runed translucent gate.
 45173 | Vaults:4 | Noticed Faels's ghost (veteran DsFi)
 45486 | Vaults:4 | Noticed Frederick
 45502 | Vaults:4 | Killed Frederick
 45508 | Vaults:4 | Received a gift from Okawaru
 45717 | Vaults:4 | Received a gift from Okawaru
 45727 | Vaults:4 | Reached XP level 22. HP: 194/230 MP: 20/28
 46391 | Vaults:4 | Killed Faels's ghost
 46391 | Vaults:4 | Reached skill level 15 in Shields
 46421 | Vaults:4 | Identified the ring "Angoel" {*Contam rF+ rC+ rN++ EV+2}
                  | (You found it on level 4 of the Vaults)
 46455 | Vaults:5 | Entered Level 5 of the Vaults
 46500 | Vaults:5 | Reached skill level 16 in Fighting
 46768 | Vaults:5 | Received a gift from Okawaru
 46800 | Vaults:5 | Noticed a golden dragon
 46814 | Vaults:5 | Killed a golden dragon
 47157 | Vaults:5 | Noticed an ancient lich
 47163 | Vaults:5 | Killed an ancient lich
 47245 | Vaults:5 | Identified the +3 shortbow of Benevolence {speed, rF+ rN+
                  | SInv Stlth-}
 47250 | Vaults:5 | Reached skill level 17 in Fighting
 47269 | Vaults:5 | Noticed a golden dragon
 47327 | Vaults:5 | Killed a golden dragon
 47327 | Vaults:5 | Reached XP level 23. HP: 209/243 MP: 24/29
 47489 | Vaults:5 | Received a gift from Okawaru
 47549 | Vaults:5 | Got a silver rune of Zot
 47916 | Vaults:5 | Received a gift from Okawaru
 48179 | Vaults:5 | Received a gift from Okawaru
 48203 | Vaults:5 | Received a gift from Okawaru
 48313 | Vaults:5 | Reached skill level 18 in Fighting
 48481 | Vaults:5 | Identified the ring of Yclyniar {rC+ Dex+6 SInv}
 48483 | Vaults:5 | Identified the amulet "Eqorr" {Acrobat rPois rF+}
 48484 | Vaults:5 | Found the +9 scales of the Dragon King {rPois rF+ rC+ MR+}
 48503 | Vaults:5 | Identified the ring of Ukeitwya {*Drain *Slow rF++ Str+3
                  | Slay+2}
 48541 | Vaults:5 | Identified the Papyrus of Moulding and Poison
 49138 | Depths:1 | Entered Level 1 of the Depths
 49319 | Depths:1 | Reached skill level 19 in Fighting
 49442 | Depths:1 | Received a gift from Okawaru
 49455 | Depths:1 | Reached XP level 24. HP: 249/261 MP: 22/29
 49546 | Depths:1 | Identified the Catalogue of Beguiling
 49596 | Depths:1 | Noticed Nikola
 49625 | Depths:1 | Killed Nikola
 50061 | Depths:1 | Found a gateway to Hell.
 50255 | Depths:1 | Identified the cursed +1 robe of Vexation {rElec} (You
                  | found it on level 1 of the Depths)
 50285 | Depths:2 | Found Guopn's Food Emporium.
 50297 | Depths:2 | You fall into a shaft and drop 2 floors!
 50398 | Depths:4 | Found a one-way gate leading to the halls of Pandemonium.
 50400 | Depths:4 | Received a gift from Okawaru
 50485 | Depths:4 | Reached skill level 20 in Fighting
 50567 | Depths:4 | Found a one-way gate to the infinite horrors of the Abyss.
 50641 | Depths:4 | Found Finkad's One-of-a-Kind Books.
 50846 | Depths:2 | Found Fuc Ibar's Antique Armour Boutique.
 51063 | Depths:2 | Found Qyum's Food Shoppe.
 51065 | Depths:2 | Found Rirhiuliodgh's Weapon Shop.
 51145 | Depths:2 | Found Kotuown's Food Shoppe.
 52218 | Depths:3 | Received a gift from Okawaru
 52303 | Depths:3 | Received a gift from Okawaru
 52424 | Depths:3 | Reached XP level 25. HP: 258/275 MP: 29/29
 52685 | Depths:3 | Identified the ring "Siprela" {rN+ MR++ EV+4 Int+2} (You
                  | found it on level 3 of the Depths)
 53156 | Depths:4 | Received a gift from Okawaru
 53380 | Depths:4 | Found a runed translucent door.
 53395 | Depths:4 | Received a gift from Okawaru
 53399 | Depths:4 | Found a runed translucent door.
 53447 | Depths:4 | Received a gift from Okawaru
 53452 | Depths:4 | Reached skill level 21 in Fighting
 53459 | Depths:4 | Found a burning altar of Makhleb.
 53475 | Depths:4 | Identified the cursed +0 cloak of the Ecumenical Temple
                  | {rN+ rCorr Int+2} (You found it on level 4 of the Depths)
 53959 | Depths:5 | Entered Level 5 of the Depths
 54314 | Depths:5 | Found a gate to the Realm of Zot.
 54397 | Depths:5 | Found a gateway to a ziggurat.
 54400 | Depths:5 | Paralysed by a floating eye for 2 turns
 54841 | Depths:5 | Found a sparkling altar of Nemelex Xobeh.
 54930 | Depths:5 | Noticed a juggernaut
 54932 | Depths:5 | Killed a juggernaut
 55521 | Zot:1    | Entered Level 1 of the Realm of Zot
 55562 | Depths:5 | Received a gift from Okawaru
 55959 | Zot:1    | Reached XP level 26. HP: 278/288 MP: 29/29
 56071 | Zot:1    | Identified the ring of the Thoughtful Spirits {SInv Stlth+}
                  | (You acquired it on level 1 of the Realm of Zot)
 56094 | Zot:1    | Identified the ring "Aloeq" {*Tele rC+ Str+3 Dex+6}
 56536 | Zot:2    | Received a gift from Okawaru
 56597 | Zot:2    | Received a gift from Okawaru
 57419 | Zot:4    | Noticed an orb of fire
 57427 | Zot:4    | Gained mutation: You occasionally shout uncontrollably at
                  | your foes. [an orb of fire]
 57433 | Zot:4    | Killed an orb of fire
 57433 | Zot:4    | Received a gift from Okawaru
 57471 | Zot:4    | Reached skill level 22 in Fighting
 57508 | Zot:4    | Received a gift from Okawaru
 58665 | Zot:3    | Reached XP level 27. HP: 252/291 MP: 26/29
 58733 | Zot:3    | Identified the Collected Works on Supportive Cold
 58757 | Zot:3    | Noticed an orb of fire
 58769 | Zot:3    | Killed an orb of fire
 59584 | Zot:2    | Reached skill level 15 in Dodging
 59878 | Zot:5    | Entered Level 5 of the Realm of Zot
 60105 | Zot:5    | Received a gift from Okawaru
 60365 | Zot:5    | Received a gift from Okawaru
 60368 | Zot:5    | Noticed an orb of fire
 60376 | Zot:5    | Noticed an orb of fire
 60376 | Zot:5    | Noticed an ancient lich
 60376 | Zot:5    | Noticed an orb of fire
 60377 | Zot:5    | Noticed an orb of fire
 60380 | Zot:5    | Noticed an orb of fire
 60382 | Zot:5    | Killed an orb of fire
 60382 | Zot:5    | Received a gift from Okawaru
 60391 | Zot:5    | Killed an orb of fire
 60391 | Zot:5    | Received a gift from Okawaru
 60401 | Zot:5    | Gained mutation: You are frail. (-10% HP) [an orb of fire]
 60405 | Zot:5    | Killed an orb of fire
 60405 | Zot:5    | Received a gift from Okawaru
 60409 | Zot:5    | Killed an ancient lich
 60422 | Zot:5    | Killed an orb of fire
 60423 | Zot:5    | Noticed an orb of fire
 60423 | Zot:5    | Noticed an orb of fire
 60423 | Zot:5    | Noticed an orb of fire
 60423 | Zot:5    | Noticed an ancient lich
 60423 | Zot:5    | Noticed an orb of fire
 60423 | Zot:5    | Noticed an ancient lich
 60435 | Zot:5    | Killed an orb of fire
 60435 | Zot:5    | Received a gift from Okawaru
 60452 | Zot:5    | Killed an orb of fire
 60453 | Zot:5    | Gained mutation: You are occasionally teleported next to
                  | monsters. [an orb of fire]
 60458 | Zot:5    | Killed an orb of fire
 60462 | Zot:5    | Killed an orb of fire
 60472 | Zot:5    | Killed an orb of fire
 60476 | Zot:5    | Killed an ancient lich
 60480 | Zot:5    | Killed an ancient lich
 60516 | Zot:5    | Noticed an ancient lich
 60535 | Zot:5    | Killed an ancient lich
 60683 | Zot:5    | Reached skill level 23 in Fighting
 60756 | Zot:5    | Lost mutation: You are frail. (-10% HP) [potion of
                  | mutation]
 60756 | Zot:5    | Lost mutation: You occasionally shout uncontrollably at
                  | your foes. [potion of mutation]
 60756 | Zot:5    | Lost mutation: You are occasionally teleported next to
                  | monsters. [potion of mutation]
 60756 | Zot:5    | Gained mutation: You have large cloven feet. [potion of
                  | mutation]
 60756 | Zot:5    | Gained mutation: You are dopey. (Int -2) [potion of
                  | mutation]
 60756 | Zot:5    | Gained mutation: Your spells are a little harder to cast,
                  | but a little more powerful. [potion of mutation]
 60756 | Zot:5    | Gained mutation: Your flesh is cold resistant. (rC+)
                  | [potion of mutation]
 60769 | Zot:5    | Received a gift from Okawaru
 60769 | Zot:5    | Reached skill level 15 in Throwing
 61876 | Slime:1  | Entered Level 1 of the Pits of Slime
 62204 | Slime:2  | Received a gift from Okawaru
 63956 | Slime:5  | Entered Level 5 of the Pits of Slime
 64007 | Slime:5  | Noticed the Royal Jelly
 64022 | Slime:5  | Killed the Royal Jelly
 64090 | Slime:5  | Received a gift from Okawaru
 64093 | Slime:5  | Got crude fire dragon scales {god gift}
 64104 | Slime:5  | Identified the +0 fire dragon scales of Contentment {rF++
                  | rC- Dex+5} (Okawaru gifted it to you on level 5 of the Pits
                  | of Slime)
 64263 | Slime:5  | Paralysed by a floating eye for 4 turns
 64270 | Slime:5  | Paralysed by a floating eye for 4 turns
 64372 | Slime:5  | Identified the Compendium of Beguiling
 64418 | Slime:5  | Found the +10 morningstar "Eos" {elec, Halo rElec}
 64427 | Slime:5  | Got a slimy rune of Zot
 65841 | Depths:2 | Voluntarily entered the Abyss.
 65841 | Abyss:1  | Found a transporter.
 66098 | Abyss:2  | Gained mutation: Your body sometimes deteriorates upon
                  | taking damage. [a neqoxec]
 66681 | Abyss:4  | Paralysed by accursed screaming for 1 turns
 66722 | Abyss:4  | Got an abyssal rune of Zot
 66817 | Abyss:5  | Entered Level 5 of the Abyss
 66940 | Depths:2 | Escaped the Abyss
 67070 | Depths:2 | Lost mutation: You are dopey. (Int -2) [potion of mutation]
 67070 | Depths:2 | Lost mutation: You have large cloven feet. [potion of
                  | mutation]
 67070 | Depths:2 | Lost mutation: Your spells are a little harder to cast, but
                  | a little more powerful. [potion of mutation]
 67070 | Depths:2 | Lost mutation: Your flesh is cold resistant. (rC+) [potion
                  | of mutation]
 67070 | Depths:2 | Gained mutation: You are occasionally teleported next to
                  | monsters. [potion of mutation]
 67070 | Depths:2 | Gained mutation: You are partially covered in thin metallic
                  | scales. (AC +2) [potion of mutation]
 67070 | Depths:2 | Gained mutation: Your spells are a little easier to cast,
                  | but a little less powerful. [potion of mutation]
 67070 | Depths:2 | Gained mutation: You have supernaturally acute eyesight.
                  | (SInv) [potion of mutation]
 67071 | Depths:2 | Lost mutation: Your body sometimes deteriorates upon taking
                  | damage. [potion of mutation]
 67071 | Depths:2 | Lost mutation: You have supernaturally acute eyesight.
                  | (SInv) [potion of mutation]
 67071 | Depths:2 | Lost mutation: Your spells are a little easier to cast, but
                  | a little less powerful. [potion of mutation]
 67071 | Depths:2 | Lost mutation: You are partially covered in thin metallic
                  | scales. (AC +2) [potion of mutation]
 67071 | Depths:2 | Gained mutation: You occasionally shout uncontrollably at
                  | your foes. [potion of mutation]
 67071 | Depths:2 | Gained mutation: You are partially covered in yellow
                  | scales. (AC +2) [potion of mutation]
 67072 | Depths:2 | Lost mutation: You are occasionally teleported next to
                  | monsters. [potion of mutation]
 67072 | Depths:2 | Lost mutation: You occasionally shout uncontrollably at
                  | your foes. [potion of mutation]
 67072 | Depths:2 | Gained mutation: You are weak. (Str -2) [potion of
                  | mutation]
 67072 | Depths:2 | Gained mutation: You are resistant to hostile enchantments.
                  | (MR+) [potion of mutation]
 67072 | Depths:2 | Gained mutation: You are highly resistant to hostile
                  | enchantments. (MR++) [potion of mutation]
 67072 | Depths:2 | Gained mutation: You have a pair of small horns on your
                  | head. [potion of mutation]
 67096 | Hell     | Entered the Vestibule of Hell
 67096 | Hell     | Noticed Geryon
 67112 | Hell     | Killed Geryon
 67126 | Hell     | Received a gift from Okawaru
 67171 | Hell     | Reached skill level 24 in Fighting
 67202 | Hell     | Found a gateway to the freezing wastes of Cocytus.
 67387 | Hell     | Found a gateway to the decaying netherworld of Tartarus.
 67666 | Hell     | Found a gateway to the ashen valley of Gehenna.
 67736 | Hell     | Found a gateway to the Iron City of Dis.
 68119 | Geh:1    | Entered Level 1 of Gehenna
 68134 | Geh:1    | Received a gift from Okawaru
 69216 | Geh:4    | Received a gift from Okawaru
 69955 | Geh:7    | Entered Level 7 of Gehenna
 70251 | Geh:7    | Identified the +7 sceptre of Asmodeus
 70251 | Geh:7    | Noticed Asmodeus
 70267 | Geh:7    | Killed Asmodeus
 70270 | Geh:7    | Reached skill level 25 in Fighting
 70279 | Geh:7    | Got an obsidian rune of Zot
 70344 | Geh:7    | Received a gift from Okawaru
 70534 | Geh:7    | Identified the Guide on Arcane Weapons and Toxins
 70671 | Geh:7    | Received a gift from Okawaru
 70869 | Coc:1    | Entered Level 1 of Cocytus
 71307 | Coc:3    | Upgraded the game from 0.25-a0-591-g2ad0d86 to
                  | 0.25-a0-592-g443c2f7
 71648 | Coc:3    | Received a gift from Okawaru
 71666 | Coc:3    | You are sucked into a shaft and drop 2 floors!
 71732 | Coc:6    | Received a gift from Okawaru
 71800 | Coc:7    | Entered Level 7 of Cocytus
 71923 | Coc:7    | Received a gift from Okawaru
 72180 | Coc:7    | Received a gift from Okawaru
 72646 | Coc:7    | Reached skill level 26 in Fighting
 73681 | Coc:7    | Noticed Antaeus
 73715 | Coc:7    | Killed Antaeus
 73715 | Coc:7    | Received a gift from Okawaru
 73750 | Coc:7    | Got an icy rune of Zot
 73827 | Coc:7    | Received a gift from Okawaru
 74080 | Tar:1    | Entered Level 1 of Tartarus
 75271 | Tar:6    | Received a gift from Okawaru
 75329 | Tar:6    | Received a gift from Okawaru
 75339 | Tar:6    | Reached skill level 27 in Fighting
 75357 | Tar:6    | Identified the +0 hat of the Cicada {MP+9} (Okawaru gifted
                  | it to you on level 6 of Tartarus)
 75673 | Tar:7    | Entered Level 7 of Tartarus
 77452 | Tar:5    | Received a gift from Okawaru
 78029 | Tar:7    | Noticed an ancient lich
 78039 | Tar:7    | Killed an ancient lich
 78205 | Tar:7    | Received a gift from Okawaru
 78368 | Tar:7    | Noticed Ereshkigal
 78413 | Tar:7    | Killed Ereshkigal
 78413 | Tar:7    | Received a gift from Okawaru
 78500 | Tar:7    | Received a gift from Okawaru
 78595 | Tar:7    | Gained mutation: Your spells are a little easier to cast,
                  | but a little less powerful. [mutagenic glow]
 78650 | Tar:7    | Gained mutation: You are frail. (-10% HP) [mutagenic glow]
 78671 | Tar:7    | Gained mutation: Your body sometimes deteriorates upon
                  | taking damage. [mutagenic glow]
 78681 | Tar:7    | Got a bone rune of Zot
 79305 | Dis:1    | Entered Level 1 of the Iron City of Dis
 79417 | Dis:1    | You fall into a shaft and drop 1 floor!
 79438 | Dis:2    | Received a gift from Okawaru
 80482 | Dis:3    | You fall into a shaft and drop 2 floors!
 80649 | Dis:7    | Entered Level 7 of the Iron City of Dis
 80664 | Dis:7    | Found a huge runed gate.
 80665 | Dis:7    | Found a huge runed gate.
 80665 | Dis:7    | Found a huge runed gate.
 80666 | Dis:7    | Found a huge runed gate.
 80669 | Dis:7    | Found a huge runed gate.
 81098 | Dis:7    | Received a gift from Okawaru
 81120 | Dis:7    | Received a gift from Okawaru
 81730 | Dis:7    | Identified the +4 staff of Dispater
 81730 | Dis:7    | Noticed Dispater
 81757 | Dis:7    | Killed Dispater
 81812 | Dis:7    | Got an iron rune of Zot
 82095 | Dis:7    | Found the +6 arbalest "Damnation" {damnation}
 82278 | Dis:7    | Received a gift from Okawaru
 82367 | Dis:7    | Received a gift from Okawaru
 82368 | Dis:7    | Got a distressingly furry robe {god gift}
 82679 | Pan      | Entered Pandemonium
 83028 | Pan      | Gained mutation: You are clumsy. (Dex -2) [a neqoxec]
 83061 | Pan      | Noticed Guvaorak the pandemonium lord
 83191 | Pan      | Gained mutation: Your body often deteriorates upon taking
                  | damage. [a neqoxec]
 83198 | Pan      | Lost mutation: Your body often deteriorates upon taking
                  | damage. [a neqoxec]
 83236 | Pan      | Identified the +2 mace of the Tooth {vorpal, *Slow +Fly
                  | rElec Dex+8} (You acquired it in Pandemonium)
 83236 | Pan      | Identified the amulet "Gebogo Rourr" {+Rage rF+ Str-5
                  | Dex+2} (You acquired it in Pandemonium)
 84027 | Pan      | Received a gift from Okawaru
 84031 | Pan      | Gained mutation: Your magical capacity is low. (-10% MP) [a
                  | neqoxec]
 84036 | Pan      | Gained mutation: You occasionally shout uncontrollably at
                  | your foes. [a neqoxec]
 84268 | Pan      | Found a glowing golden altar of the Shining One.
 84268 | Pan      | Noticed a seraph
 84277 | Pan      | Killed a seraph
 84377 | Pan      | Identified Sif Muna's Grimoire of Mutagenic Toxins
 84380 | Pan      | Got a demonic rune of Zot
 85289 | Pan      | Noticed Cewkoyts the pandemonium lord
 85303 | Pan      | Killed Cewkoyts the pandemonium lord
 85360 | Pan      | Identified the Incunabulum of Confrontation
 85443 | Pan      | Noticed Mennas
 85473 | Pan      | Killed Mennas
 85513 | Pan      | Received a gift from Okawaru
 85514 | Pan      | Got a shimmering cloak {god gift}
 85569 | Pan      | Identified the +5 cloak of the Hidden Vale {MR+ Str+3
                  | Stlth+} (Okawaru gifted it to you in Pandemonium)
 86000 | Pan      | Entered the realm of Lom Lobon.
 86305 | Pan      | Noticed Lom Lobon
 86339 | Pan      | Killed Lom Lobon
 86459 | Pan      | Got a magical rune of Zot
 86546 | Pan      | Entered the realm of Mnoleg.
 86724 | Pan      | Noticed Mnoleg
 86741 | Pan      | Paralysed by a floating eye for 4 turns
 86742 | Pan      | Gained mutation: Your magical capacity is very low. (-20%
                  | MP) [Mnoleg's mutagenic touch]
 86751 | Pan      | Paralysed by a floating eye for 4 turns
 86772 | Pan      | Killed Mnoleg
 86906 | Pan      | Received a gift from Okawaru
 86923 | Pan      | Gained mutation: Scrolls take you a little longer to read.
                  | [a cacodemon]
 86948 | Pan      | Received a gift from Okawaru
 87021 | Pan      | Got a glowing rune of Zot
 87243 | Pan      | Noticed Hatoqes the pandemonium lord
 87255 | Pan      | Killed Hatoqes the pandemonium lord
 87602 | Pan      | Found a runed translucent door.
 87607 | Pan      | Entered the realm of Gloorx Vloq.
 87748 | Pan      | Noticed Gloorx Vloq
 87793 | Pan      | Killed Gloorx Vloq
 87793 | Pan      | Received a gift from Okawaru
 88059 | Pan      | Got a dark rune of Zot
 88121 | Pan      | Lost mutation: You are highly resistant to hostile
                  | enchantments. (MR++) [potion of mutation]
 88121 | Pan      | Lost mutation: You are weak. (Str -2) [potion of mutation]
 88122 | Pan      | Lost mutation: You are frail. (-10% HP) [potion of
                  | mutation]
 88122 | Pan      | Lost mutation: You are clumsy. (Dex -2) [potion of
                  | mutation]
 88122 | Pan      | Gained mutation: You have very sharp teeth. [potion of
                  | mutation]
 88162 | Pan      | Received a gift from Okawaru
 88228 | Pan      | Entered the realm of Cerebov.
 88448 | Pan      | Got a twitching jade amulet
 88451 | Pan      | Identified the amulet of Yendor {+Rage Int+4} (You found it
                  | in Pandemonium)
 88454 | Pan      | Identified the Papyrus of Creative Transmutation
 88907 | Pan      | Identified the +6 sword of Cerebov {flame}
 88907 | Pan      | Noticed Cerebov
 88945 | Pan      | Killed Cerebov
 88990 | Pan      | Got a slimy gossamer ring
 88993 | Pan      | Identified the ring "Ummojeic" {AC+2 Str+4 Int+3} (You
                  | found it in Pandemonium)
 89119 | Pan      | Got a fiery rune of Zot
 89180 | Pan      | Received a gift from Okawaru
 89348 | Pan      | Found an exit through the horrors of the Abyss.
 89550 | Pan      | Took an exit into the Abyss.
 89550 | Abyss:1  | Escaped into the Abyss
 89552 | Abyss:1  | Received a gift from Okawaru
 89553 | Abyss:1  | Found a corrupted altar of Lugonu.
 89610 | Depths:4 | Escaped the Abyss
 90446 | Vaults:1 | Bought a scroll of blinking for 157 gold pieces
 90446 | Vaults:1 | Bought a scroll of enchant weapon for 157 gold pieces
 91093 | Vaults:1 | You paid a toll of a +8 demon trident to enter a treasure
                  | trove
 91094 | Trove    | Entered a treasure trove
 91098 | Trove    | Got a fine bronze ring
 91101 | Trove    | Identified the ring "Leef" {rF+ MR+ Dex+2} (You found it in
                  | a treasure trove)
 91102 | Trove    | Got a bound jade ring
 91109 | Trove    | Identified the ring of New Discoveries {EV+1 Str+3 Int+2}
                  | (You found it in a treasure trove)
 91111 | Trove    | Got a wavering tin amulet
 91114 | Trove    | Identified the amulet "Rowuwoyx" {Faith +Fly rPois} (You
                  | found it in a treasure trove)
 91121 | Trove    | Got a scintillating gossamer ring
 91124 | Trove    | Identified the ring of the Country {rPois rF+ SInv} (You
                  | found it in a treasure trove)
 91126 | Trove    | Got a bound marble ring
 91129 | Trove    | Identified the ring "Lyiclom" {rCorr Stlth+} (You found it
                  | in a treasure trove)
 91131 | Trove    | Got a smoking granite ring
 91134 | Trove    | Identified the ring "Lunwillo" {rN+ rCorr Int+2 Dex+3
                  | Slay-6} (You found it in a treasure trove)
 91137 | Trove    | Got a coiled steel ring
 91140 | Trove    | Identified the ring "Feicic" {AC+2 Int+3} (You found it in
                  | a treasure trove)
 91142 | Trove    | Got a crude steel amulet
 91146 | Trove    | Identified the amulet of Tasinurgh {+Rage Dex+2} (You found
                  | it in a treasure trove)
 91148 | Trove    | Identified the amulet "Ulungupt" {Faith Stlth+} (You found
                  | it in a treasure trove)
 91150 | Trove    | Got a heavily runed glass ring
 91153 | Trove    | Identified the ring "Vupeireni" {*Slow rElec rPois Str+5
                  | Slay+3} (You found it in a treasure trove)
 91244 | Crypt:1  | Entered Level 1 of the Crypt
 91293 | Crypt:1  | Received a gift from Okawaru
 92678 | Crypt:3  | Entered Level 3 of the Crypt
 92795 | Crypt:3  | Received a gift from Okawaru
 92984 | Crypt:3  | Found a staircase to the Tomb.
 93109 | Crypt:3  | Received a gift from Okawaru
 93744 | Crypt:3  | Found an ancient bone altar of Kikubaaqudgha.
 93755 | Crypt:3  | Noticed an ancient lich
 93763 | Crypt:3  | Received a gift from Okawaru
 93772 | Crypt:3  | Killed an ancient lich
 94186 | Crypt:3  | Lost mutation: You are resistant to hostile enchantments.
                  | (MR+) [potion of mutation]
 94186 | Crypt:3  | Lost mutation: Your magical capacity is very low. (-20% MP)
                  | [potion of mutation]
 94186 | Crypt:3  | Lost mutation: You have a pair of small horns on your head.
                  | [potion of mutation]
 94186 | Crypt:3  | Lost mutation: Scrolls take you a little longer to read.
                  | [potion of mutation]
 94186 | Crypt:3  | Gained mutation: You are robust. (+10% HP) [potion of
                  | mutation]
 94188 | Tomb:1   | Entered Level 1 of the Tomb of the Ancients
 94747 | Tomb:1   | Reached skill level 15 in Invocations
 95330 | Tomb:2   | Noticed a greater mummy
 95331 | Tomb:2   | Noticed a greater mummy
 95757 | Tomb:2   | Noticed a greater mummy
 95763 | Tomb:2   | Noticed a greater mummy
 95781 | Tomb:2   | Received a gift from Okawaru
 95786 | Tomb:2   | HP: 21/532 [flying skull (7)]
 95788 | Tomb:2   | HP: 10/532 [death scarab (8)]
 95794 | Tomb:2   | HP: 23/532 [flying skull (7)]
 95801 | Tomb:2   | HP: 19/532 [death scarab (15)]
 95802 | Tomb:2   | HP: 6/532 [death scarab (15)]
 95805 | Tomb:2   | Mangled by a reaper

Levels and vault maps discovered:
D:1:      tarquinn_simple_flora_water_b, layout_loops_ring, lemuel_old_faithful
D:2:      layout_basic, serial_undead, serial_undead_c, serial_undead_d,
          serial_undead_e, serial_undead_d, serial_undead_e, serial_undead_b
D:3:      layout_basic, nicolae_overflow_hidden_temple, marbit_many_paths
D:4:      layout_gridville, nicolae_qazlal_eye_of_the_storm, uniq_blork_the_orc
D:5:      layout_loops_ring, serial_shops, shop, first_ration, uniq_eustachio
D:6:      minmay_chambers_of_sixes, layout_rooms, minmay_temple_entry_waves,
          uniq_maggie
D:7:      layout_rooms, uniq_pikel, uniq_joseph
D:8:      layout_layer_cave
D:9:      layout_roguey, lair_entry_dummy, david_orc_5
D:10:     layout_irregular_city, uniq_erolcha
D:11:     layout_basic, special_room [special_room_orc], ebering_ghost_xom
D:12:     layout_roguey, grunt_ogre_cave
D:13:     layout_basic, erik_vaults_2
D:14:     layout_layer_cave, portal_ice_cave_entry_pillars_1, serial_shops,
          statue_bzr, shop, shop, shop, nicolae_shop_stone, solitary_fountain,
          uniq_roxanne
D:15:     gammafunk_enter_depths_forms, layout_cross, grunt_decor_clamped
Temple:   dpeg_five_rooms_temple
Lair:1:   layout_cave_pods, grunt_megastairs_4
Lair:2:   layout_chaotic_city, swamp_mist, spider_nest_entry_web_field,
          chequers_serial_rivers_micro_b, serial_bayou_lagoon_a,
          grunt_megastairs_2, serial_bayou_shore_b
Lair:3:   layout_misc_corridors
Lair:4:   layout_long_grid, wad_woods_river_01, uniq_rupert
Lair:5:   layout_long_grid, uniq_sonja, uniq_snorg
Lair:6:   hangedman_lair_in_review, layout_regular_city,
          hangedman_lair_caniforms_friends, slime_altar_1, lemuel_fruit_tree,
          minmay_lair_oklob_chamber
Swamp:1:  layout_basic_swamp, infiniplex_staircase_pool
Swamp:2:  layout_basic_swamp, nicolae_swamp_orc_logging_accident
Swamp:3:  layout_basic_swamp, nicolae_swamp_trees_clearing, swamp_pool3
Swamp:4:  swamp_alternative, layout_basic_swamp, uniq_bai_suzhen
Spider:1: layout_chambers, uniq_louise
Spider:2: layout_spider_delve, uniq_frances
Spider:3: layout_spider_delve, uniq_mara
Spider:4: guppyfry_spider_rune, nicolae_spider_cling_ruins
Slime:1:  layout_caves
Slime:2:  layout_caves
Slime:3:  cheibrodos_slime_lost_civilization_8, layout_caves,
          cheibrodos_slime_lost_civilization_7
Slime:4:  layout_caves
Slime:5
Orc:1:    layout_caves
Orc:2:    grunt_orc_community_town_hall, layout_caves,
          grunt_orc_community_big_house_2, grunt_orc_community_big_house_1,
          grunt_orc_community_house_1, grunt_orc_community_house_1,
          grunt_orc_community_house_1, grunt_orc_community_house_2,
          grunt_orc_community_house_1, grunt_orc_community_house_2, basic_altar,
          uniq_josephine, uniq_azrael
Elf:1:    layout_geoelf_octagon, basic_altar, serial_shops, shop,
          serial_corexii_hall, corexii_hall_statues_u,
          corexii_hall_statues_deadend, hangedman_elf_represent, uniq_jorgrun,
          uniq_kirke
Elf:2:    layout_geoelf_octagon, minivault_11, kilobyte_rumbling_trees,
          uniq_saint_roka
Elf:3:    minmay_elf_hall_hex, layout_onion_city, lemuel_flame_loot_1
Vaults:1: nicolae_vaults_arrows, vaults_mumra_lcd, grunt_vaults_focal,
          nicolae_vaults_theta, hangedman_vaults_maws, vaults_dpeg_diagonal,
          vaults_room_stairs_pillars, layout_vaults_omnigrid, enter_trove_0,
          serial_shops, shop_coins
Vaults:2: hangedman_vaults_river_flow, nicolae_vaults_mini_display_case,
          v_alt_pattern_4, ontoclasm_vaults_gateway,
          minmay_crypt_entry_simple_statues, ontoclasm_vaults_fire_temple,
          v_rooms_6, nicolae_vaults_diagonal_hallway_6,
          vaults_dpeg_encased_lava, vaults_room_pools, dpeg_vaults_monster_box,
          nicolae_vaults_specimen_jars, layout_vaults_omnibox, serial_shops,
          shop
Vaults:3: vaults_room_pools, v_pattern_1, v_misc_1, vaults_room_octagon,
          vaults_dpeg_hooks, vaults_room_pools, nicolae_vaults_disjoint_gnomons,
          nicolae_vaults_little_squares_3, v_rooms_6, nicolae_vaults_big_ls,
          hangedman_vaults_maws, ontoclasm_vaults_idyll,
          nicolae_vaults_little_squares_2, vaults_room_door_ring,
          nicolae_vaults_little_squares_6, layout_vaults_maze, uniq_xtahua
Vaults:4: gammafunk_vaults_ghost_split, vaults_mumra_chevron,
          ontoclasm_vaults_hangar, hangedman_vaults_locks,
          hangedman_vaults_capsules, v_misc_32, v_misc_17, v_alt_pattern_1,
          vaults_room_stairs_pillars, vaults_room_semicircle, v_misc_17,
          v_misc_26, hangedman_vaults_restitches,
          nicolae_vaults_border_crossing, vaults_room_door_ring, sword_in_stone,
          layout_vaults_omnicross
Vaults:5
Crypt:1:  layout_misc_corridors
Crypt:2:  layout_regular_city, lemuel_elevator, grunt_megastairs_3
Crypt:3:  quadcrypt_mu, uniq_margery
Tomb:1
Tomb:2
Depths:1: layout_cave_pools, special_room [special_room_magic_class],
          grunt_hell_entry_dis_grunt, chequers_serial_rivers_large_a,
          minivault_1, fake_guardian_serpent_vault, uniq_nikola
Depths:2: minmay_angry_zag, layout_gridlike, hangedman_abyss_entry_splay,
          infiniplex_staircase_pool_2, serial_shops, nicolae_shop_waterfront,
          nicolae_shop_window_shopping, shop, shop_fountains,
          nicolae_shop_waterfront, pf_vacation_house_of_asmodeus,
          chequers_serial_rivers_small_a, lightli_fourway_metalbox
Depths:3: minmay_the_grid_3x3 [minmay_the_grid_zigzag_pyramid,
          minmay_the_grid_minigrid_large, minmay_the_grid_mess,
          minmay_the_grid_small_cups, minmay_the_grid_medium_cups,
          minmay_the_grid_garden, minmay_the_grid_outer_diamond,
          minmay_the_grid_odd_star,
          minmay_the_grid_prize_four_corners_diamond_b], layout_cave_pools,
          rand_demon_pan_entry_7, hell_entry, bh_walls_and_bars
Depths:4: evilmike_makhleb_hellhole, layout_cave_shapes, abyss_entry,
          minmay_staircase_bubble, rand_demon_pan_entry_3, hell_entry,
          minmay_splitting_lines, nicolae_rare_books,
          chequers_hall_statues_wall_a, hangedman_decor_slide_cut
Depths:5: grunt_twist_and_shout, layout_basic, enter_ziggurat_d, hell_entry,
          chequers_serial_rivers_small_b, nemelex_diamond_rough_becter
Hell
Dis:1:    hangedman_dis_monolith, layout_chaotic_city
Dis:2:    layout_subdivisions
Dis:3:    layout_gridville, lemuel_elevator
Dis:5:    layout_chaotic_city
Dis:6:    layout_subdivisions, hangedman_player_shredder
Dis:7:    iron_city_of_dis [dis_old, dis_wall_6], layout_chaotic_city,
          door_vault
Geh:1:    layout_gehenna_pools_box, hangedman_elemental_grid_stream
Geh:2:    layout_gehenna_lava_caves
Geh:3:    layout_gehenna_pools_box
Geh:4:    layout_gehenna_lava_caves
Geh:5:    layout_gehenna_pools_basic
Geh:6:    layout_gehenna_pools_triple, minmay_fire_ice_demons
Geh:7:    geh_grunt_pentagon
Coc:1:    layout_ice_bergs
Coc:2:    layout_cocytus_water_paths
Coc:3:    layout_ice_bergs
Coc:5:    layout_ice_bergs
Coc:6:    layout_cocytus_water_paths
Coc:7:    coc_mu
Tar:1:    layout_cathedral_of_symmetry
Tar:2:    layout_grid_maze
Tar:3:    layout_cathedral_of_symmetry
Tar:4:    layout_grid_maze
Tar:5:    layout_grid_maze
Tar:6:    layout_honeycomb, nicolae_tar_cuneiform_to_be
Tar:7:    tar_grunt, tar_grunt_ereshkigal, tar_grunt_big_loot,
          tar_grunt_small_loot, tar_grunt_small_loot, tar_grunt_small_loot,
          tar_grunt_small_decor_pillar, tar_grunt_decor_6,
          tar_grunt_decor_cross_diag, tar_grunt_decor_octagon_7,
          tar_grunt_decor_1, tar_grunt_decor_3, tar_grunt_small_decor_pillar,
          tar_grunt_small_decor_pillar, tar_grunt_small_decor_pillar,
          tar_grunt_decor_1, tar_grunt_small_decor_pillar,
          tar_grunt_small_decor_pillar, tar_grunt_decor_1, tar_grunt_decor_1,
          tar_grunt_small_decor_pillar
Zot:1:    layout_gridlike
Zot:2:    layout_misc_corridors
Zot:3:    layout_onion_interference, grunt_megastairs_5
Zot:4:    layout_twisted_circle
Zot:5:    layout_misc_corridors

Skill      XL: |  1  2  3  4  5  6  7  8  9 10 11 12 13 14 15 16 17 18 19 20 21 22 23 24 25 26 27 |
---------------+----------------------------------------------------------------------------------+-----
Unarmed Combat | 3 4 5 6 8 10 11 13 14 15 16 17 18 19 20 21 22 | 22.0
Fighting       | 3 4 5 6 7 8 9 10 11 12 13 14 15 17 19 20 21 22 27 | 27.0
Shields        | 3 4 5 6 7 8 9 11 13 14 15 16 22 | 22.0
Invocations    | 2 3 5 6 8 9 10 15 | 15.5
Throwing       | 2 4 6 7 9 10 12 25 | 25.6
Armour         | 1 4 5 7 8 11 14 15 16 22 | 22.0
Dodging        | 3 5 6 7 8 9 10 11 12 14 22 | 22.0

Action                   |  1- 3 |  4- 6 |  7- 9 | 10-12 | 13-15 | 16-18 | 19-21 | 22-24 | 25-27 || total
-------------------------+-------+-------+-------+-------+-------+-------+-------+-------+-------++-------
Melee: Unarmed           |   114 |   149 |   329 |   637 |  1571 |  1133 |  1780 |  1352 |  8694 || 15759
       Headbutt          |       |       |       |       |       |       |       |       |  1837 ||  1837
       Kick              |       |       |       |       |       |       |       |       |   431 ||   431
       Bite              |       |       |       |       |       |       |       |       |   185 ||   185
 Fire: Fustibalus        |       |       |       |     6 |       |       |       |       |       ||     6
Throw: Dart              |       |       |       |     3 |     1 |     4 |       |       |       ||     8
       Large rock        |       |       |       |       |     2 |    23 |    11 |       |   272 ||   308
       Javelin           |       |       |       |       |       |     5 |       |       |       ||     5
Invok: Heroism           |       |       |     1 |    14 |    33 |    36 |    24 |    16 |    83 ||   207
       Finesse           |       |       |       |     3 |    13 |     5 |     9 |     7 |    41 ||    78
 Abil: Evoke Flight      |       |       |       |       |       |       |       |       |    28 ||    28
       Stop Flying       |       |       |       |       |       |       |       |       |     1 ||     1
Evoke: Wand              |       |       |       |     4 |       |       |       |       |     9 ||    13
       Phantom mirror    |       |       |       |       |       |       |       |       |     1 ||     1
  Use: Scroll            |       |     8 |     9 |    12 |     9 |     8 |     8 |    13 |    49 ||   116
       Potion            |       |       |     1 |       |       |       |       |     2 |    43 ||    46
 Stab: Held in net/web   |       |       |       |       |       |       |     1 |       |       ||     1
       Invisible         |       |       |       |       |       |       |       |     1 |       ||     1
       Distracted        |       |       |       |       |       |       |       |       |     1 ||     1
  Eat: Chunk             |    15 |    11 |    30 |    65 |    92 |   100 |    93 |    60 |   134 ||   600
       Ration            |       |       |       |       |     5 |       |     2 |       |    72 ||    79
Armor: Robe              |    23 |    47 |    54 |       |    50 |       |       |       |       ||   174
       Steam dragon scal |       |       |    21 |   103 |       |       |       |       |       ||   124
       Acid dragon scale |       |       |       |    73 |   239 |       |       |       |       ||   312
       Fire dragon scale |       |       |       |       |    81 |   323 |       |       |       ||   404
       Storm dragon scal |       |       |       |       |       |     7 |   630 |    66 |       ||   703
       Gold dragon scale |       |       |       |       |       |       |       |   390 |  2466 ||  2856
       Skin              |       |       |       |       |       |       |       |       |   107 ||   107
Dodge: Dodged            |    33 |    40 |   104 |   167 |   492 |   344 |   339 |   241 |  1777 ||  3537
       Deflected         |       |       |       |       |       |       |       |    15 |    24 ||    39
Block: Kite shield       |    43 |    81 |   154 |   303 |   766 |   550 |       |       |       ||  1897
       Tower shield      |       |       |       |       |       |    23 |  1641 |  1181 |  8378 || 11223

Table legend:
 A = Non-vault XP
 B = Vault XP
 C = Vault XP percentage of total XP
 D = Non-vault monster count
 E = Vault monster count
 F = Vault count percentage of total count
                 A         B        C        D         E       F
            +---------+---------+-------+---------+---------+-------
      Total | 2112818 | 1679857 |  44.3 |    3325 |    1557 |  31.9
            +---------+---------+-------+---------+---------+-------
        D:1 |      57 |       0 |   0.0 |      27 |       0 |   0.0
        D:2 |     313 |      15 |   4.6 |      24 |       5 |  17.2
        D:3 |     124 |       1 |   0.8 |      20 |       1 |   4.8
        D:4 |     298 |      96 |  24.4 |      24 |       1 |   4.0
        D:5 |     975 |     188 |  16.2 |      25 |       1 |   3.8
        D:6 |    1630 |     824 |  33.6 |      28 |       7 |  20.0
        D:7 |    1040 |    1074 |  50.8 |      26 |       2 |   7.1
        D:8 |    1313 |       0 |   0.0 |      20 |       0 |   0.0
        D:9 |    1870 |     663 |  26.2 |      18 |      22 |  55.0
       D:10 |    3919 |    1025 |  20.7 |      34 |       1 |   2.9
       D:11 |    9300 |    3395 |  26.7 |      53 |      26 |  32.9
       D:12 |    4755 |     915 |  16.1 |      22 |       1 |   4.3
       D:13 |    6752 |    8009 |  54.3 |      25 |       8 |  24.2
       D:14 |    8455 |    2487 |  22.7 |      42 |       2 |   4.5
       D:15 |   11744 |    3453 |  22.7 |      33 |      10 |  23.3
     Lair:1 |    4334 |     548 |  11.2 |      21 |       3 |  12.5
     Lair:2 |    2192 |     309 |  12.4 |      16 |       3 |  15.8
     Lair:3 |    2236 |       0 |   0.0 |      12 |       0 |   0.0
     Lair:4 |    5982 |    3320 |  35.7 |      27 |       5 |  15.6
     Lair:5 |    1536 |    1859 |  54.8 |       6 |       2 |  25.0
     Lair:6 |    7620 |   23751 |  75.7 |      31 |      84 |  73.0
    Swamp:1 |   13568 |       0 |   0.0 |      33 |       0 |   0.0
    Swamp:2 |   14139 |       0 |   0.0 |      38 |       0 |   0.0
    Swamp:3 |   17005 |       0 |   0.0 |      42 |       0 |   0.0
    Swamp:4 |   19619 |   18709 |  48.8 |      30 |      21 |  41.2
   Spider:1 |    7020 |    1743 |  19.9 |      21 |       1 |   4.5
   Spider:2 |    5482 |   10543 |  65.8 |      17 |       2 |  10.5
   Spider:3 |   12928 |       0 |   0.0 |      36 |       0 |   0.0
   Spider:4 |   22952 |   27109 |  54.2 |      60 |      43 |  41.7
    Slime:1 |   28119 |       0 |   0.0 |      43 |       0 |   0.0
    Slime:2 |   14052 |       0 |   0.0 |      29 |       0 |   0.0
    Slime:3 |   17983 |    2469 |  12.1 |      22 |       2 |   8.3
    Slime:4 |   24488 |       0 |   0.0 |      39 |       0 |   0.0
    Slime:5 |   30857 |   30924 |  50.1 |      53 |      13 |  19.7
      Orc:1 |    1761 |     341 |  16.2 |      15 |       2 |  11.8
      Orc:2 |    2899 |   13998 |  82.8 |      31 |      84 |  73.0
      Elf:1 |   13713 |   12068 |  46.8 |      25 |      13 |  34.2
      Elf:2 |   20069 |   22532 |  52.9 |      30 |      31 |  50.8
      Elf:3 |   20163 |   49487 |  71.1 |      35 |      34 |  49.3
   Vaults:1 |   39478 |    8267 |  17.3 |      71 |      15 |  17.4
   Vaults:2 |   32855 |   23919 |  42.1 |      59 |      38 |  39.2
   Vaults:3 |   30099 |   42876 |  58.8 |      53 |      62 |  53.9
   Vaults:4 |   35438 |   63358 |  64.1 |      40 |      54 |  57.4
   Vaults:5 |   61257 |  137585 |  69.2 |      66 |      80 |  54.8
    Crypt:1 |   27309 |       0 |   0.0 |      38 |       0 |   0.0
    Crypt:2 |   23999 |    8582 |  26.3 |      38 |       8 |  17.4
    Crypt:3 |       0 |   60612 | 100.0 |       0 |      81 | 100.0
     Tomb:1 |   11498 |   43474 |  79.1 |      27 |      34 |  55.7
     Tomb:2 |    3935 |   34521 |  89.8 |       7 |      40 |  85.1
   Depths:1 |   44176 |   23340 |  34.6 |      61 |      19 |  23.8
   Depths:2 |   18876 |   10682 |  36.1 |      30 |      10 |  25.0
   Depths:3 |   41381 |   51745 |  55.6 |      62 |      44 |  41.5
   Depths:4 |   54012 |   27750 |  33.9 |      31 |      38 |  55.1
   Depths:5 |   57583 |   26714 |  31.7 |      46 |      17 |  27.0
       Hell |   31316 |   42549 |  57.6 |      41 |      57 |  58.2
      Dis:1 |    8874 |       0 |   0.0 |      14 |       0 |   0.0
      Dis:2 |   18862 |       0 |   0.0 |      42 |       0 |   0.0
      Dis:3 |   33535 |       0 |   0.0 |      69 |       0 |   0.0
      Dis:5 |     347 |       0 |   0.0 |       1 |       0 |   0.0
      Dis:6 |   12298 |     801 |   6.1 |      24 |       1 |   4.0
      Dis:7 |   41299 |  109792 |  72.7 |      54 |      65 |  54.6
      Geh:1 |    9921 |       0 |   0.0 |      26 |       0 |   0.0
      Geh:2 |   20676 |       0 |   0.0 |      34 |       0 |   0.0
      Geh:3 |    6651 |       0 |   0.0 |       9 |       0 |   0.0
      Geh:4 |   13012 |       0 |   0.0 |      25 |       0 |   0.0
      Geh:5 |   27707 |       0 |   0.0 |      54 |       0 |   0.0
      Geh:6 |   21179 |   13458 |  38.9 |      47 |      20 |  29.9
      Geh:7 |   34294 |   52829 |  60.6 |      47 |      37 |  44.0
      Coc:1 |    5733 |       0 |   0.0 |      13 |       0 |   0.0
      Coc:2 |   47935 |       0 |   0.0 |      49 |       0 |   0.0
      Coc:3 |   23578 |       0 |   0.0 |      46 |       0 |   0.0
      Coc:6 |   17745 |       0 |   0.0 |      24 |       0 |   0.0
      Coc:7 |   90044 |   65159 |  42.0 |      98 |      77 |  44.0
      Tar:1 |   36675 |       0 |   0.0 |      40 |       0 |   0.0
      Tar:2 |   32498 |       0 |   0.0 |      59 |       0 |   0.0
      Tar:3 |   53631 |       0 |   0.0 |      66 |       0 |   0.0
      Tar:4 |    5195 |       0 |   0.0 |       8 |       0 |   0.0
      Tar:5 |   52990 |       0 |   0.0 |      59 |       0 |   0.0
      Tar:6 |   33273 |       0 |   0.0 |      54 |       0 |   0.0
      Tar:7 |   69517 |   55126 |  44.2 |      87 |      19 |  17.9
      Zot:1 |   44255 |       0 |   0.0 |      33 |       0 |   0.0
      Zot:2 |   55174 |       0 |   0.0 |      31 |       0 |   0.0
      Zot:3 |   53810 |   15961 |  22.9 |      23 |       8 |  25.8
      Zot:4 |   61923 |       0 |   0.0 |      29 |       0 |   0.0
      Zot:5 |   23747 |  207150 |  89.7 |      15 |      46 |  75.4
    Abyss:1 |    9488 |    4360 |  31.5 |       6 |       6 |  50.0
    Abyss:2 |   28646 |       0 |   0.0 |      50 |       0 |   0.0
    Abyss:3 |    2231 |       0 |   0.0 |       1 |       0 |   0.0
    Abyss:4 |   12789 |    6828 |  34.8 |      22 |       7 |  24.1
    Abyss:5 |    6152 |       0 |   0.0 |      10 |       0 |   0.0
        Pan |  220660 |  287368 |  56.6 |     253 |     196 |  43.7
      IceCv |       0 |   13196 | 100.0 |       0 |      48 | 100.0
            +---------+---------+-------+---------+---------+-------
